Workbook
Name Anticipo_Financiero: #REF!
Name Anticipo_Financiero: Datos!$C$8
Name Beneficio: #REF!
Name Beneficio: Datos!$C$16
Name Cant_Viv_P1: #REF!
Name Cant_Viv_P1: [2]P1!$B$5
Name Cant_Viv_P2: #REF!
Name Cant_Viv_P2: [2]P2!$B$5
Name Cant_Viv_P3: #REF!
Name Cant_Viv_P3: [2]P3!$B$5
Name Coef_Paso_Infraestructura: #REF!
Name Coef_Paso_Infraestructura: [2]Datos!$C$20
Name Coef_Paso_Vivienda: #REF!
Name Coef_Paso_Vivienda: [2]Datos!$C$19
Name Coeficiente_Paso: #REF!
Name Coeficiente_Paso: Datos!$C$19
Name Comiten: #REF!
Name Comiten: [3]Datos!$C$1
Name Comitente: #REF!
Name Comitente: Datos!$C$2
Name Contratista: #REF!
Name Contratista: Datos!$C$13
Name Costo_Financiero: #REF!
Name Costo_Financiero: Datos!$C$14
Name Costo_Obra: CyP!$F$188
Name Empresa: #REF!
Name Empresa: [3]Datos!$C$12
Name Expediente_N°: #REF!
Name Expediente_N°: Datos!$C$6
Name Fecha_Apertura: #REF!
Name Fecha_Apertura: [2]Datos!$C$8
Name Fecha_Base: #REF!
Name Fecha_Base: Datos!$C$9
Name Gasto_Generales_Porcentaje: #REF!
Name Gasto_Generales_Porcentaje: Datos!$C$15
Name Gastos_Generales: #REF!
Name Gastos_Generales: [2]Datos!$C$14
Name Gastos_Generales_Pesos: #REF!
Name Gastos_Generales_Pesos: 'Gastos Generales'!$C$50
Name GG_Empresa: #REF!
Name GG_Empresa: 'Gastos Generales'!$C$38
Name GG_Obra: #REF!
Name GG_Obra: 'Gastos Generales'!$C$13
Name Ingresos_Brutos: #REF!
Name Ingresos_Brutos: Datos!$C$17
Name IVA: #REF!
Name IVA: Datos!$C$18
Name IVA_Infraestructura: #REF!
Name IVA_Infraestructura: [2]Datos!$C$18
Name IVA_Vivienda: #REF!
Name IVA_Vivienda: [2]Datos!$C$17
Name Licitación_N°: #REF!
Name Licitación_N°: Datos!$C$5
Name MO_LETRAS: 'Números a Letras'!$C$27
Name Monto_Oferta: CyP!$H$188
Name Monto_Terreno: #REF!
Name Monto_Terreno: [2]Datos!$C$21
Name NRUBRO: 'Números a Letras'!#REF!
Name Número_Expediente: #REF!
Name Número_Expediente: [2]Datos!$C$5

Sheet Indices
A3: Codigo Unificado | E3: Descripción
A6: INDEC-CM - 15310-11 | E6: Arena fina
A7: INDEC-CM - 15320-11 | E7: Canto rodado natural
A8: INDEC-CM - 15400-11 | E8: Arcilla expandida
A9: INDEC-CM - 15400-21 | E9: Tosca
A10: INDEC-CM - 27230-11 | E10: Alfombra de pelo cortado de material sintético, con colocación
A11: INDEC-CM - 31100-11 | E11: Tirante sin cepillar
A12: INDEC-CM - 31210-11 | E12: Tabla con una cara cepillada para encofrado
A13: INDEC-CM - 31210-21 | E13: Machimbre con una cara cepillada
A14: INDEC-CM - 31210-22 | E14: Tirante cepillado
A15: INDEC-CM - 31210-31 | E15: Piso de entablonado, con colocación
A16: INDEC-CM - 31210-32 | E16: Piso de parquet, con colocación
... A824: IIEE-SJ - 208002 | E824: Vidrio transparente de 3mm precio x m2.

Sheet Instrucciones
A1: INSTRUCCIONES PARA EL LLENADO DE LA PLANILLA
A2: Este escrito intenta ser una guía para el uso de estas planillas por cada una de las reparticiones que realizan llamados a licitación. El objetivo es que las mismas correctamente completadas estén adjuntas a la documentación de licitación correspondiente, permitiendo que los formatos digitales que entregan los oferentes puedan ser migrados de forma rápida y segura al sistema SIGOP que permitirá tener en forma actualizada toda la información necesaria no solo para el seguimiento de las obras en ejecución sino tambien de los proyectos en desarrollo por cada repartición. Es importante comprender que las pestañas CyP, AP y PTyCI no deben ser modificadas en lo que respecta a la ubicación de las columnas ni en los criterios de redondeo a dos decimales en los costos y precios de manera de poder obtener una total correspondencia en el sistema. Si se podrá agregar o suprimir filas de las mismas de acuerdo a la cantidad de ítems que posea las mismas. Las planillas en blanco se entregan con una cantidad de filas que permiten incorporar 200 renglones, en caso de ser necesario mas se deberán copiar e insertar filas en la parte central de las mismas de manera de poder respetar las fórmulas que contienen ellas. A continuación se indican los pasos a seguir:
A3: Pestaña Datos
A4: A COMPLETAR POR LA REPARTICIÓN PARA ENTREGAR PLANILLAS PARA LICITACIÓN
A5: Llenar todos los datos del encabezamiento de esta pestaña en los campos marcados con el color azul claro COMITENTE : OBRA : UBICACION: LICITACIÓN N°: EXPEDIENTE N°: PRESUPUESTO OFICIAL: ANTICIPO FINANCIERO/ACOPIO: FECHA APERTURA LICITACIÓN: PLAZO DE OBRA:
A6: La repartición debe completar la columna C y D donde se indican la DESIGNACIÓN y UNIDAD del Rubro/Item, siguiendo una de las dos opciones siguientes: 1 - Utilizando la columna J ingresando el código del ítem de acuerdo al listado de ítems que se tiene en la pestaña Items - Códigos, si el ítem necesario no se encuentra en el listado puede ser incorporado. Con ese código ingresado en la columna F se completarán automáticamente la columna C y D con la designación del ítem y su unidad de medida. 2 - En caso de no tener un listado codificado de Rubros / Items, se utilizarán las columnas G y H escribiendo en las mismas la designación y la unidad correspondiente. De igual manera que el anterior se completarán las columnas C y D
A7: Una vez completada la designación y unidad se deberá proceder a completar la columna B de numeración de los Rubros e Items para ello se debe tener en cuenta las siguientes premisas: El Rubro tendrá un número unicamente. Los Items abarcados por dicho rubro contendrán el número del Rubro seguido por un punto y luego un número correlativo comenzando por el 1
A8: Ejemplo: 1 TRABAJOS PRELIMINARES 1.1 Preparación y limpieza de terrenos En caso de tener un Rubro, Subrubro e Items, se deberá seguir con la misma premisa agregando un punto y un número correlativo Ejemplo: 8 PISOS Y ZÓCALOS 8.1 Pisos 8.1.1 Granítico 8.1.2 Porcelanato 8.2 Zócalos 8.2.1 Granítico 8.2.2 Porcelanato Tener en cuenta que todos los ítems ingresados deben estar relacionados con un Rubro o Subrubro que los abarque. Los Rubros y Subrubros no tendrán unidad de medida y mucho menos tendrán asociado un Análisis de Precios.
A9: Recordar que los Rubros no llevan ni unidades ni cantidades y por consiguiente no necesitan elaboración de Análisis de Precios
A10: Para el caso de Licitaciones llamadas por el sistema de Unidad de Medida deberá completar la columna E con las cantidades previstas. En el caso de Licitaciones llamadas por el sistema de Ajuste Alzado las cantidades deben ser calculadas por el Oferente y completadas por él.
A11: Las columnas L, M, N y O están reservadas para poder generar la numeración automática por lo que no deberán ser borradas y modificadas, solamente pueden ser copiadas y pegadas en caso de necesitar mas filas por la cantidad de ítems que posee la obra.
A12: Para Licitaciones por Unidad de Medida la repartición deberá completar la columna D (Cantidades para cada uno de los ítems).
... A48: NOTA: ESTA CODIFICACIÓN DEBE SER REALIZADA POR LA REPARTICIÓN, LA QUE PODRÁ AGREGAR NUEVOS ÍTEMS. ES IMPORTANTE SI SE QUIERE ESTANDARIZAR LAS DENOMINACIONES PARA EVITAR POSIBLES ERRORES FUTUROS

Sheet Datos
A1: DATOS A COMPLETAR POR LA REPARTICIÓN
A2: COMITENTE : | C2: SUBSECRETARIA DE OBRAS PUBLICAS
A3: OBRA : | C3: CAPS. VIRGEN DE GUADALUPE
A4: UBICACION: | C4: Calle Enfermera Medina y Cristobal Colon - Dpto. CAUCETE - Sup. 227,50m2
A5: LICITACIÓN N°:
A6: EXPEDIENTE N°:
A7: PRESUPUESTO OFICIAL: | C7: 6.4916831e+08
A8: ANTICIPO FINANCIERO/ACOPIO: | C8: 0.15
A9: FECHA APERTURA LICITACIÓN:
A10: PLAZO DE OBRA: | C10: 180
A12: DATOS A COMPLETAR POR EL OFERENTE
A13: EMPRESA CONSTRUCTORA:
A14: COSTO FINANCIERO
A15: GASTOS GENERALES
A16: BENEFICIO
A17: INGRESOS BRUTOS Y L. HOGAR | C17: 0.024
A18: IMPUESTO AL VALOR AGREGADO | C18: 0.21
A19: COEFICIENTE DE PASO | C19: =(1+1*Costo_Financiero)+(1+1*Costo_Financiero)*(Gasto_Generales_Porcentaje+Beneficio)+((1+1*Costo_Financiero)+(1+1*Costo_Financiero)*(Gasto_Generales_Porcentaje+Beneficio))*(Ingresos_Brutos+IVA) -> 1.234 | E19: form nueva
B21: TABLA DE ÍTEMS DEL PROYECTO
B23: RUBRO ITEM | C23: DESIGNACION | D23: UN. | E23: CANT. | G23: INGRESO DESIGNACIÓN SIN CODIFICACIÓN | J23: INGRESO DESIGNACIÓN POR CÓDIGO RUBRO - ÍTEM
G24: DESIGNACIÓN ITEM | H24: UN.
A26: =IF(D26=0,A25,A25+1) -> 0 | B26: 1 | C26: =IFERROR(VLOOKUP(J26,Tabla_Items,2,FALSE),G26) -> TRABAJOS PRELIMINARES | D26: =IFERROR(VLOOKUP(J26,Tabla_Items,3,FALSE),H26) -> 0 | G26: TRABAJOS PRELIMINARES
A27: =IF(D27=0,A26,A26+1) -> 0 | B27: 1.1 | C27: =IFERROR(VLOOKUP(J27,Tabla_Items,2,FALSE),G27) -> Preparación y Limpieza del terreno | D27: =IFERROR(VLOOKUP(J27,Tabla_Items,3,FALSE),H27) -> 0 | G27: Preparación y Limpieza del terreno
A28: =IF(D28=0,A27,A27+1) -> 1 | B28: 1.1.1 | C28: =IFERROR(VLOOKUP(J28,Tabla_Items,2,FALSE),G28) -> Limpieza de los Terrenos | D28: =IFERROR(VLOOKUP(J28,Tabla_Items,3,FALSE),H28) -> gl | G28: Limpieza de los Terrenos | H28: gl
A29: =IF(D29=0,A28,A28+1) -> 2 | B29: 1.1.2 | C29: =IFERROR(VLOOKUP(J29,Tabla_Items,2,FALSE),G29) -> Erradicación de arbustos y/o árboles | D29: =IFERROR(VLOOKUP(J29,Tabla_Items,3,FALSE),H29) -> un. | G29: Erradicación de arbustos y/o árboles | H29: un.
A30: =IF(D30=0,A29,A29+1) -> 3 | B30: 1.1.5 | C30: =IFERROR(VLOOKUP(J30,Tabla_Items,2,FALSE),G30) -> Provisión y colocación de Cartel de Obra | D30: =IFERROR(VLOOKUP(J30,Tabla_Items,3,FALSE),H30) -> gl | G30: Provisión y colocación de Cartel de Obra | H30: gl
A31: =IF(D31=0,A30,A30+1) -> 3 | B31: 1.2 | C31: =IFERROR(VLOOKUP(J31,Tabla_Items,2,FALSE),G31) -> Replanteo y Otros | D31: =IFERROR(VLOOKUP(J31,Tabla_Items,3,FALSE),H31) -> 0 | G31: Replanteo y Otros
A32: =IF(D32=0,A31,A31+1) -> 4 | B32: 1.2.1 | C32: =IFERROR(VLOOKUP(J32,Tabla_Items,2,FALSE),G32) -> Replanteo | D32: =IFERROR(VLOOKUP(J32,Tabla_Items,3,FALSE),H32) -> m2 | G32: Replanteo | H32: m2
A33: =IF(D33=0,A32,A32+1) -> 5 | B33: 1.2.3 | C33: =IFERROR(VLOOKUP(J33,Tabla_Items,2,FALSE),G33) -> Vallados y Cierres perimetrales de Obra | D33: =IFERROR(VLOOKUP(J33,Tabla_Items,3,FALSE),H33) -> ml | G33: Vallados y Cierres perimetrales de Obra | H33: ml
A34: =IF(D34=0,A33,A33+1) -> 5 | B34: 1.3 | C34: =IFERROR(VLOOKUP(J34,Tabla_Items,2,FALSE),G34) -> Actividades Complementarias | D34: =IFERROR(VLOOKUP(J34,Tabla_Items,3,FALSE),H34) -> 0 | G34: Actividades Complementarias
A35: =IF(D35=0,A34,A34+1) -> 6 | B35: 1.3.1 | C35: =IFERROR(VLOOKUP(J35,Tabla_Items,2,FALSE),G35) -> Vigilancia y alumbrado de obra | D35: =IFERROR(VLOOKUP(J35,Tabla_Items,3,FALSE),H35) -> gl | G35: Vigilancia y alumbrado de obra | H35: gl
A36: =IF(D36=0,A35,A35+1) -> 7 | B36: 1.3.2 | C36: =IFERROR(VLOOKUP(J36,Tabla_Items,2,FALSE),G36) -> Energia de obra, Agua para la construcción | D36: =IFERROR(VLOOKUP(J36,Tabla_Items,3,FALSE),H36) -> gl | G36: Energia de obra, Agua para la construcción | H36: gl
A37: =IF(D37=0,A36,A36+1) -> 8 | B37: 1.3.3 | C37: =IFERROR(VLOOKUP(J37,Tabla_Items,2,FALSE),G37) -> Construcción del obrador, depósitos de materiales, sanitario del personal | D37: =IFERROR(VLOOKUP(J37,Tabla_Items,3,FALSE),H37) -> gl | G37: Construcción del obrador, depósitos de materiales, sanitario del personal | H37: gl
A38: =IF(D38=0,A37,A37+1) -> 9 | B38: 1.3.4 | C38: =IFERROR(VLOOKUP(J38,Tabla_Items,2,FALSE),G38) -> Oficina para la inspección | D38: =IFERROR(VLOOKUP(J38,Tabla_Items,3,FALSE),H38) -> gl | G38: Oficina para la inspección | H38: gl
A39: =IF(D39=0,A38,A38+1) -> 10 | B39: 1.3.5 | C39: =IFERROR(VLOOKUP(J39,Tabla_Items,2,FALSE),G39) -> Higiene y seguridad en el trabajo | D39: =IFERROR(VLOOKUP(J39,Tabla_Items,3,FALSE),H39) -> gl | G39: Higiene y seguridad en el trabajo | H39: gl
A40: =IF(D40=0,A39,A39+1) -> 10 | B40: 2 | C40: =IFERROR(VLOOKUP(J40,Tabla_Items,2,FALSE),G40) -> MOVIMIENTOS DE SUELO | D40: =IFERROR(VLOOKUP(J40,Tabla_Items,3,FALSE),H40) -> 0 | G40: MOVIMIENTOS DE SUELO
A41: =IF(D41=0,A40,A40+1) -> 10 | B41: 2.1 | C41: =IFERROR(VLOOKUP(J41,Tabla_Items,2,FALSE),G41) -> Terraplenamientos, Rellenos y Compactación | D41: =IFERROR(VLOOKUP(J41,Tabla_Items,3,FALSE),H41) -> 0 | G41: Terraplenamientos, Rellenos y Compactación
A42: =IF(D42=0,A41,A41+1) -> 11 | B42: 2.1.1 | C42: =IFERROR(VLOOKUP(J42,Tabla_Items,2,FALSE),G42) -> Relleno y Compactación | D42: =IFERROR(VLOOKUP(J42,Tabla_Items,3,FALSE),H42) -> m3 | G42: Relleno y Compactación | H42: m3
A43: =IF(D43=0,A42,A42+1) -> 12 | B43: 2.1.2 | C43: =IFERROR(VLOOKUP(J43,Tabla_Items,2,FALSE),G43) -> Relleno de zanjas y conductos | D43: =IFERROR(VLOOKUP(J43,Tabla_Items,3,FALSE),H43) -> m3 | G43: Relleno de zanjas y conductos | H43: m3
A44: =IF(D44=0,A43,A43+1) -> 13 | B44: 2.1.3 | C44: =IFERROR(VLOOKUP(J44,Tabla_Items,2,FALSE),G44) -> Relleno bajo contrapiso | D44: =IFERROR(VLOOKUP(J44,Tabla_Items,3,FALSE),H44) -> m3 | G44: Relleno bajo contrapiso | H44: m3
A45: =IF(D45=0,A44,A44+1) -> 14 | B45: 2.1.4 | C45: =IFERROR(VLOOKUP(J45,Tabla_Items,2,FALSE),G45) -> Nivelación del Terreno | D45: =IFERROR(VLOOKUP(J45,Tabla_Items,3,FALSE),H45) -> m2 | G45: Nivelación del Terreno | H45: m2
A46: =IF(D46=0,A45,A45+1) -> 14 | B46: 2.2 | C46: =IFERROR(VLOOKUP(J46,Tabla_Items,2,FALSE),G46) -> Excavaciones | D46: =IFERROR(VLOOKUP(J46,Tabla_Items,3,FALSE),H46) -> 0 | G46: Excavaciones
A47: =IF(D47=0,A46,A46+1) -> 15 | B47: 2.2.2 | C47: =IFERROR(VLOOKUP(J47,Tabla_Items,2,FALSE),G47) -> Excavación para fundaciones | D47: =IFERROR(VLOOKUP(J47,Tabla_Items,3,FALSE),H47) -> m3 | G47: Excavación para fundaciones | H47: m3
A48: =IF(D48=0,A47,A47+1) -> 15 | B48: 3 | C48: =IFERROR(VLOOKUP(J48,Tabla_Items,2,FALSE),G48) -> ESTRUCTURAS RESISTENTES | D48: =IFERROR(VLOOKUP(J48,Tabla_Items,3,FALSE),H48) -> 0 | G48: ESTRUCTURAS RESISTENTES
A49: =IF(D49=0,A48,A48+1) -> 15 | B49: 3.1 | C49: =IFERROR(VLOOKUP(J49,Tabla_Items,2,FALSE),G49) -> Hormigones Simples - No estructurales | D49: =IFERROR(VLOOKUP(J49,Tabla_Items,3,FALSE),H49) -> 0 | G49: Hormigones Simples - No estructurales
A50: =IF(D50=0,A49,A49+1) -> 16 | B50: 3.1.1 | C50: =IFERROR(VLOOKUP(J50,Tabla_Items,2,FALSE),G50) -> Hormigón de Limpieza | D50: =IFERROR(VLOOKUP(J50,Tabla_Items,3,FALSE),H50) -> m2 | G50: Hormigón de Limpieza | H50: m2
A51: =IF(D51=0,A50,A50+1) -> 16 | B51: 3.2 | C51: =IFERROR(VLOOKUP(J51,Tabla_Items,2,FALSE),G51) -> Estructuras Resistentes de Hº Aº | D51: =IFERROR(VLOOKUP(J51,Tabla_Items,3,FALSE),H51) -> 0 | G51: Estructuras Resistentes de Hº Aº
A52: =IF(D52=0,A51,A51+1) -> 17 | B52: 3.2.3 | C52: =IFERROR(VLOOKUP(J52,Tabla_Items,2,FALSE),G52) -> Bases con parrilla | D52: =IFERROR(VLOOKUP(J52,Tabla_Items,3,FALSE),H52) -> m3 | G52: Bases con parrilla | H52: m3
A53: =IF(D53=0,A52,A52+1) -> 18 | B53: 3.2.7 | C53: =IFERROR(VLOOKUP(J53,Tabla_Items,2,FALSE),G53) -> Plateas de Fundacion | D53: =IFERROR(VLOOKUP(J53,Tabla_Items,3,FALSE),H53) -> m3 | G53: Plateas de Fundacion | H53: m3
A54: =IF(D54=0,A53,A53+1) -> 19 | B54: 3.2.8 | C54: =IFERROR(VLOOKUP(J54,Tabla_Items,2,FALSE),G54) -> Zapatas Corridas | D54: =IFERROR(VLOOKUP(J54,Tabla_Items,3,FALSE),H54) -> m3 | G54: Zapatas Corridas | H54: m3
A55: =IF(D55=0,A54,A54+1) -> 20 | B55: 3.2.9 | C55: =IFERROR(VLOOKUP(J55,Tabla_Items,2,FALSE),G55) -> Vigas de Fundaciones | D55: =IFERROR(VLOOKUP(J55,Tabla_Items,3,FALSE),H55) -> m3 | G55: Vigas de Fundaciones | H55: m3
A56: =IF(D56=0,A55,A55+1) -> 21 | B56: 3.2.10 | C56: =IFERROR(VLOOKUP(J56,Tabla_Items,2,FALSE),G56) -> Vigas de arriostramiento | D56: =IFERROR(VLOOKUP(J56,Tabla_Items,3,FALSE),H56) -> m3 | G56: Vigas de arriostramiento | H56: m3
A57: =IF(D57=0,A56,A56+1) -> 22 | B57: 3.2.11 | C57: =IFERROR(VLOOKUP(J59,Tabla_Items,2,FALSE),G57) -> Columnas de encadenado | D57: =IFERROR(VLOOKUP(J59,Tabla_Items,3,FALSE),H57) -> m3 | G57: Columnas de encadenado | H57: m3
A58: =IF(D58=0,A57,A57+1) -> 23 | B58: 3.2.12 | C58: =IFERROR(VLOOKUP(J60,Tabla_Items,2,FALSE),G58) -> Columnas de carga | D58: =IFERROR(VLOOKUP(J60,Tabla_Items,3,FALSE),H58) -> m3 | G58: Columnas de carga | H58: m3
A59: =IF(D59=0,A58,A58+1) -> 24 | B59: 3.2.13 | C59: =IFERROR(VLOOKUP(#REF!,Tabla_Items,2,FALSE),G59) -> Vigas de encadenado y dintel | D59: =IFERROR(VLOOKUP(#REF!,Tabla_Items,3,FALSE),H59) -> m3 | G59: Vigas de encadenado y dintel | H59: m3
A60: =IF(D60=0,A59,A59+1) -> 25 | B60: 3.2.14 | C60: =IFERROR(VLOOKUP(#REF!,Tabla_Items,2,FALSE),G60) -> Vigas de Carga | D60: =IFERROR(VLOOKUP(#REF!,Tabla_Items,3,FALSE),H60) -> m3 | G60: Vigas de Carga | H60: m3
A61: =IF(D61=0,A60,A60+1) -> 26 | B61: 3.2.17 | C61: =IFERROR(VLOOKUP(#REF!,Tabla_Items,2,FALSE),G61) -> Tabiques de Hormigón armado | D61: =IFERROR(VLOOKUP(#REF!,Tabla_Items,3,FALSE),H61) -> m3 | G61: Tabiques de Hormigón armado | H61: m3
A62: =IF(D62=0,A61,A61+1) -> 26 | B62: 3.3 | C62: =IFERROR(VLOOKUP(J64,Tabla_Items,2,FALSE),G62) -> Estructuras Metálicas | D62: =IFERROR(VLOOKUP(J64,Tabla_Items,3,FALSE),H62) -> 0 | G62: Estructuras Metálicas
A63: =IF(D63=0,A62,A62+1) -> 27 | B63: 3.3.2 | C63: =IFERROR(VLOOKUP(J65,Tabla_Items,2,FALSE),G63) -> Estructura de correas cerchas, vigas y columnas | D63: =IFERROR(VLOOKUP(J65,Tabla_Items,3,FALSE),H63) -> m2 | G63: Estructura de correas cerchas, vigas y columnas | H63: m2
A64: =IF(D64=0,A63,A63+1) -> 28 | B64: 3.3.3 | C64: =IFERROR(VLOOKUP(#REF!,Tabla_Items,2,FALSE),G64) -> Estructura soporte de Revestimiento | D64: =IFERROR(VLOOKUP(#REF!,Tabla_Items,3,FALSE),H64) -> ml | G64: Estructura soporte de Revestimiento | H64: ml
A65: =IF(D65=0,A64,A64+1) -> 29 | B65: 3.3.4 | C65: =IFERROR(VLOOKUP(#REF!,Tabla_Items,2,FALSE),G65) -> Estructura metálica para tque. de Rva. | D65: =IFERROR(VLOOKUP(#REF!,Tabla_Items,3,FALSE),H65) -> gl | G65: Estructura metálica para tque. de Rva. | H65: gl
A66: =IF(D66=0,A65,A65+1) -> 30 | B66: 3.3.7 | C66: =IFERROR(VLOOKUP(#REF!,Tabla_Items,2,FALSE),G66) -> Cenefa con estructura soporte | D66: =IFERROR(VLOOKUP(#REF!,Tabla_Items,3,FALSE),H66) -> gl | G66: Cenefa con estructura soporte | H66: gl
A67: =IF(D67=0,A66,A66+1) -> 30 | B67: 4 | C67: =IFERROR(VLOOKUP(J69,Tabla_Items,2,FALSE),G67) -> ALBAÑILERIA | D67: =IFERROR(VLOOKUP(J69,Tabla_Items,3,FALSE),H67) -> 0 | G67: ALBAÑILERIA
A68: =IF(D68=0,A67,A67+1) -> 30 | B68: 4.1 | C68: =IFERROR(VLOOKUP(J70,Tabla_Items,2,FALSE),G68) -> Mamposteria | D68: =IFERROR(VLOOKUP(J70,Tabla_Items,3,FALSE),H68) -> 0 | G68: Mamposteria
A69: =IF(D69=0,A68,A68+1) -> 31 | B69: 4.1.3 | C69: =IFERROR(VLOOKUP(J71,Tabla_Items,2,FALSE),G69) -> Mampostería armada de 0,20m | D69: =IFERROR(VLOOKUP(J71,Tabla_Items,3,FALSE),H69) -> m2 | G69: Mampostería armada de 0,20m | H69: m2
A70: =IF(D70=0,A69,A69+1) -> 31 | B70: 4.2 | C70: =IFERROR(VLOOKUP(J72,Tabla_Items,2,FALSE),G70) -> AISLACIONES | D70: =IFERROR(VLOOKUP(J72,Tabla_Items,3,FALSE),H70) -> 0 | G70: AISLACIONES
A71: =IF(D71=0,A70,A70+1) -> 32 | B71: 4.2.1 | C71: =IFERROR(VLOOKUP(J73,Tabla_Items,2,FALSE),G71) -> Capa Aisladora horizontal y vertical | D71: =IFERROR(VLOOKUP(J73,Tabla_Items,3,FALSE),H71) -> m2 | G71: Capa Aisladora horizontal y vertical | H71: m2
A72: =IF(D72=0,A71,A71+1) -> 33 | B72: 4.2.2 | C72: =IFERROR(VLOOKUP(J74,Tabla_Items,2,FALSE),G72) -> Aislación contra el Salitre | D72: =IFERROR(VLOOKUP(J74,Tabla_Items,3,FALSE),H72) -> m2 | G72: Aislación contra el Salitre | H72: m2
A73: =IF(D73=0,A72,A72+1) -> 33 | B73: 4.3 | C73: =IFERROR(VLOOKUP(J75,Tabla_Items,2,FALSE),G73) -> REVOQUES Y ENLUCIDOS | D73: =IFERROR(VLOOKUP(J75,Tabla_Items,3,FALSE),H73) -> 0 | G73: REVOQUES Y ENLUCIDOS
A74: =IF(D74=0,A73,A73+1) -> 34 | B74: 4.3.1 | C74: =IFERROR(VLOOKUP(J76,Tabla_Items,2,FALSE),G74) -> Jaharro o revoque grueso interior y exterior | D74: =IFERROR(VLOOKUP(J76,Tabla_Items,3,FALSE),H74) -> m2 | G74: Jaharro o revoque grueso interior y exterior | H74: m2
A75: =IF(D75=0,A74,A74+1) -> 35 | B75: 4.3.2 | C75: =IFERROR(VLOOKUP(J77,Tabla_Items,2,FALSE),G75) -> Revoque grueso impermeable bajo revestimiento | D75: =IFERROR(VLOOKUP(J77,Tabla_Items,3,FALSE),H75) -> m2 | G75: Revoque grueso impermeable bajo revestimiento | H75: m2
A76: =IF(D76=0,A75,A75+1) -> 36 | B76: 4.3.6 | C76: =IFERROR(VLOOKUP(#REF!,Tabla_Items,2,FALSE),G76) -> Enlucidos o revoques finos | D76: =IFERROR(VLOOKUP(#REF!,Tabla_Items,3,FALSE),H76) -> m2 | G76: Enlucidos o revoques finos | H76: m2
A77: =IF(D77=0,A76,A76+1) -> 36 | B77: 4.4 | C77: =IFERROR(VLOOKUP(#REF!,Tabla_Items,2,FALSE),G77) -> CONTRAPISOS Y CARPETAS | D77: =IFERROR(VLOOKUP(#REF!,Tabla_Items,3,FALSE),H77) -> 0 | G77: CONTRAPISOS Y CARPETAS
A78: =IF(D78=0,A77,A77+1) -> 37 | B78: 4.4.3 | C78: =IFERROR(VLOOKUP(#REF!,Tabla_Items,2,FALSE),G78) -> Carpeta | D78: =IFERROR(VLOOKUP(#REF!,Tabla_Items,3,FALSE),H78) -> m2 | G78: Carpeta | H78: m2
A79: =IF(D79=0,A78,A78+1) -> 37 | B79: 4.5 | C79: =IFERROR(VLOOKUP(#REF!,Tabla_Items,2,FALSE),G79) -> ANTEPECHOS | D79: =IFERROR(VLOOKUP(#REF!,Tabla_Items,3,FALSE),H79) -> 0 | G79: ANTEPECHOS
A80: =IF(D80=0,A79,A79+1) -> 38 | B80: 4.5.1 | C80: =IFERROR(VLOOKUP(#REF!,Tabla_Items,2,FALSE),G80) -> De Hormigon | D80: =IFERROR(VLOOKUP(#REF!,Tabla_Items,3,FALSE),H80) -> m2 | G80: De Hormigon | H80: m2
A81: =IF(D81=0,A80,A80+1) -> 38 | B81: 5 | C81: =IFERROR(VLOOKUP(J87,Tabla_Items,2,FALSE),G81) -> Tabiques | D81: =IFERROR(VLOOKUP(J87,Tabla_Items,3,FALSE),H81) -> 0 | G81: Tabiques
A82: =IF(D82=0,A81,A81+1) -> 38 | B82: 5.1 | C82: =IFERROR(VLOOKUP(J88,Tabla_Items,2,FALSE),G82) -> Tabiques de placas de roca de yeso | D82: =IFERROR(VLOOKUP(J88,Tabla_Items,3,FALSE),H82) -> 0 | G82: Tabiques de placas de roca de yeso
A83: =IF(D83=0,A82,A82+1) -> 39 | B83: 5.1.3 | C83: =IFERROR(VLOOKUP(J90,Tabla_Items,2,FALSE),G83) -> Tabiques Livianos simple placa roca de yeso tipo durlock 4D protección premium doble | D83: =IFERROR(VLOOKUP(J90,Tabla_Items,3,FALSE),H83) -> m2 | G83: Tabiques Livianos simple placa roca de yeso tipo durlock 4D protección premium doble | H83: m2
A84: =IF(D84=0,A83,A83+1) -> 40 | B84: 5.2 | C84: =IFERROR(VLOOKUP(J91,Tabla_Items,2,FALSE),G84) -> Tabiques de placa Cementicia | D84: =IFERROR(VLOOKUP(J91,Tabla_Items,3,FALSE),H84) -> m2 | G84: Tabiques de placa Cementicia | H84: m2
A85: =IF(D85=0,A84,A84+1) -> 40 | B85: 6 | C85: =IFERROR(VLOOKUP(#REF!,Tabla_Items,2,FALSE),G85) -> CUBIERTAS DE TECHO | D85: =IFERROR(VLOOKUP(#REF!,Tabla_Items,3,FALSE),H85) -> 0 | G85: CUBIERTAS DE TECHO
A86: =IF(D86=0,A85,A85+1) -> 40 | B86: 6.2 | C86: =IFERROR(VLOOKUP(#REF!,Tabla_Items,2,FALSE),G86) -> Cubiertas Metalicas | D86: =IFERROR(VLOOKUP(#REF!,Tabla_Items,3,FALSE),H86) -> 0 | G86: Cubiertas Metalicas
A87: =IF(D87=0,A86,A86+1) -> 41 | B87: 6.2.1 | C87: =IFERROR(VLOOKUP(#REF!,Tabla_Items,2,FALSE),G87) -> Cubierta Metálica panel autoportante | D87: =IFERROR(VLOOKUP(#REF!,Tabla_Items,3,FALSE),H87) -> m2 | G87: Cubierta Metálica panel autoportante | H87: m2
A88: =IF(D88=0,A87,A87+1) -> 42 | B88: 6.2.3 | C88: =IFERROR(VLOOKUP(#REF!,Tabla_Items,2,FALSE),G88) -> Zinguería | D88: =IFERROR(VLOOKUP(#REF!,Tabla_Items,3,FALSE),H88) -> m2 | G88: Zinguería | H88: m2
A89: =IF(D89=0,A88,A88+1) -> 43 | B89: 6.2.4 | C89: =IFERROR(VLOOKUP(#REF!,Tabla_Items,2,FALSE),G89) -> Canaletas de Chapa de acero galvanizado | D89: =IFERROR(VLOOKUP(#REF!,Tabla_Items,3,FALSE),H89) -> m2 | G89: Canaletas de Chapa de acero galvanizado | H89: m2
A90: =IF(D90=0,A89,A89+1) -> 43 | B90: 7 | C90: =IFERROR(VLOOKUP(#REF!,Tabla_Items,2,FALSE),G90) -> CIELORRASOS | G90: CIELORRASOS
A91: =IF(D91=0,A90,A90+1) -> 43 | B91: 7.2 | C91: =IFERROR(VLOOKUP(#REF!,Tabla_Items,2,FALSE),G91) -> Suspendidos | D91: =IFERROR(VLOOKUP(#REF!,Tabla_Items,3,FALSE),H91) -> 0 | G91: Suspendidos
A92: =IF(D92=0,A91,A91+1) -> 44 | B92: 7.2.1 | C92: =IFERROR(VLOOKUP(#REF!,Tabla_Items,2,FALSE),G92) -> Junta tomada con placa de roca de yeso | D92: =IFERROR(VLOOKUP(#REF!,Tabla_Items,3,FALSE),H92) -> m2 | G92: Junta tomada con placa de roca de yeso | H92: m2
A93: =IF(D93=0,A92,A92+1) -> 45 | B93: 7.2.2 | C93: =IFERROR(VLOOKUP(#REF!,Tabla_Items,2,FALSE),G93) -> Junta tomada con placa cementicia | D93: =IFERROR(VLOOKUP(#REF!,Tabla_Items,3,FALSE),H93) -> m2 | G93: Junta tomada con placa cementicia | H93: m2
A94: =IF(D94=0,A93,A93+1) -> 46 | B94: 7.2.4 | C94: =IFERROR(VLOOKUP(#REF!,Tabla_Items,2,FALSE),G94) -> Desmontable con placa metálica | D94: =IFERROR(VLOOKUP(#REF!,Tabla_Items,3,FALSE),H94) -> m2 | G94: Desmontable con placa metálica | H94: m2
A95: =IF(D95=0,A94,A94+1) -> 46 | B95: 8 | C95: =IFERROR(VLOOKUP(#REF!,Tabla_Items,2,FALSE),G95) -> REVESTIMIENTOS | D95: =IFERROR(VLOOKUP(#REF!,Tabla_Items,3,FALSE),H95) -> 0 | G95: REVESTIMIENTOS
A96: =IF(D96=0,A95,A95+1) -> 47 | B96: 8.1 | C96: =IFERROR(VLOOKUP(#REF!,Tabla_Items,2,FALSE),G96) -> Revestimiento Cerámico | D96: =IFERROR(VLOOKUP(#REF!,Tabla_Items,3,FALSE),H96) -> m2 | G96: Revestimiento Cerámico | H96: m2
A97: =IF(D97=0,A96,A96+1) -> 48 | B97: 8.3 | C97: =IFERROR(VLOOKUP(#REF!,Tabla_Items,2,FALSE),G97) -> Revestimiento plástico texturado con color | D97: =IFERROR(VLOOKUP(#REF!,Tabla_Items,3,FALSE),H97) -> m2 | G97: Revestimiento plástico texturado con color | H97: m2
A98: =IF(D98=0,A97,A97+1) -> 49 | B98: 8.7 | C98: =IFERROR(VLOOKUP(#REF!,Tabla_Items,2,FALSE),G98) -> Otros | D98: =IFERROR(VLOOKUP(#REF!,Tabla_Items,3,FALSE),H98) -> m2 | G98: Otros | H98: m2
A99: =IF(D99=0,A98,A98+1) -> 49 | B99: 9 | C99: =IFERROR(VLOOKUP(#REF!,Tabla_Items,2,FALSE),G99) -> PISOS Y ZÓCALOS | D99: =IFERROR(VLOOKUP(#REF!,Tabla_Items,3,FALSE),H99) -> 0 | G99: PISOS Y ZÓCALOS
A100: =IF(D100=0,A99,A99+1) -> 49 | B100: 9.1 | C100: =IFERROR(VLOOKUP(#REF!,Tabla_Items,2,FALSE),G100) -> Pisos interiores | D100: =IFERROR(VLOOKUP(#REF!,Tabla_Items,3,FALSE),H100) -> 0 | G100: Pisos interiores
A101: =IF(D101=0,A100,A100+1) -> 50 | B101: 9.1.1 | C101: =IFERROR(VLOOKUP(#REF!,Tabla_Items,2,FALSE),G101) -> Piso de Porcelanato (58x58)cm | D101: =IFERROR(VLOOKUP(#REF!,Tabla_Items,3,FALSE),H101) -> m2 | G101: Piso de Porcelanato (58x58)cm | H101: m2
A102: =IF(D102=0,A101,A101+1) -> 50 | B102: 9.2 | C102: =IFERROR(VLOOKUP(#REF!,Tabla_Items,2,FALSE),G102) -> Zocalos Interiores | D102: =IFERROR(VLOOKUP(#REF!,Tabla_Items,3,FALSE),H102) -> 0 | G102: Zocalos Interiores
A103: =IF(D103=0,A102,A102+1) -> 51 | B103: 9.2.1 | C103: =IFERROR(VLOOKUP(#REF!,Tabla_Items,2,FALSE),G103) -> Zócalos sanitario de pvc. | D103: =IFERROR(VLOOKUP(#REF!,Tabla_Items,3,FALSE),H103) -> m2 | G103: Zócalos sanitario de pvc. | H103: m2
A104: =IF(D104=0,A103,A103+1) -> 51 | B104: 9.3 | C104: =IFERROR(VLOOKUP(#REF!,Tabla_Items,2,FALSE),G104) -> Pisos exteriores | D104: =IFERROR(VLOOKUP(#REF!,Tabla_Items,3,FALSE),H104) -> 0 | G104: Pisos exteriores
...

Sheet CyP
A1: COMITENTE : | C1: =Comitente -> SUBSECRETARIA DE OBRAS PUBLICAS
A2: OBRA : | C2: =Obra -> CAPS. VIRGEN DE GUADALUPE
A3: UBICACION: | C3: =Ubicación -> Calle Enfermera Medina y Cristobal Colon - Dpto. CAUCETE - Sup. 227,50m2
A4: LICITACIÓN N°: | C4: =Licitación_N° -> 0
A5: EXPEDIENTE N°: | C5: =Expediente_N° -> 0
A6: PRESUPUESTO OFICIAL: | C6: =P_Oficial -> 6.4916831e+08
A7: ANTICIPO FINANCIERO/ACOPIO: | C7: =Anticipo_Financiero -> 0.15
A8: FECHA APERTURA LICITACIÓN: | C8: =Fecha_Base -> 0
A9: PLAZO DE OBRA: | C9: =Plazo_Obra -> 180
A10: EMPRESA CONSTRUCTORA: | C10: =Contratista -> 0
A11: MONTO DE LA OFERTA: | C11: =Monto_Oferta -> 0
A13: COMPUTO Y PRESUPUESTO
A15: RUBRO ITEM | B15: DESIGNACION | D15: UN. | E15: CANT. | F15: COSTOS UNITARIO | G15: PRECIO UNITARIO | H15: PRECIO TOTAL DEL ITEM | I15: PORCENTAJE INCIDENCIA DEL ITEM
A18: =Datos!B26 -> 1 | B18: =IFERROR(VLOOKUP(A18,Tabla_Datos,2,FALSE),"") -> TRABAJOS PRELIMINARES | D18: =IFERROR(VLOOKUP(A18,Tabla_Datos,3,FALSE),"") -> 0 | E18: =IFERROR(VLOOKUP(A18,Tabla_Datos,4,FALSE),0) -> 0 | F18: =IFERROR(VLOOKUP(A18,Tabla_Analisis_Precio,7,FALSE),0) -> 0 | G18: =ROUND(F18*Coeficiente_Paso,2) -> 0 | H18: =ROUND(E18*G18,2) -> 0 | I18: =IFERROR(H18/Monto_Oferta,0) -> 0
A19: =Datos!B27 -> 1.1 | B19: =IFERROR(VLOOKUP(A19,Tabla_Datos,2,FALSE),"") -> Preparación y Limpieza del terreno | D19: =IFERROR(VLOOKUP(A19,Tabla_Datos,3,FALSE),"") -> 0 | E19: =IFERROR(VLOOKUP(A19,Tabla_Datos,4,FALSE),0) -> 0 | F19: =IFERROR(VLOOKUP(A19,Tabla_Analisis_Precio,7,FALSE),0) -> 0 | G19: =ROUND(F19*Coeficiente_Paso,2) -> 0 | H19: =ROUND(E19*G19,2) -> 0 | I19: =IFERROR(H19/Monto_Oferta,0) -> 0
A20: =Datos!B28 -> 1.1.1 | B20: =IFERROR(VLOOKUP(A20,Tabla_Datos,2,FALSE),"") -> Limpieza de los Terrenos | D20: =IFERROR(VLOOKUP(A20,Tabla_Datos,3,FALSE),"") -> gl | E20: =IFERROR(VLOOKUP(A20,Tabla_Datos,4,FALSE),0) -> 0 | F20: =IFERROR(VLOOKUP(A20,Tabla_Analisis_Precio,7,FALSE),0) -> 0 | G20: =ROUND(F20*Coeficiente_Paso,2) -> 0 | H20: =ROUND(E20*G20,2) -> 0 | I20: =IFERROR(H20/Monto_Oferta,0) -> 0
A21: =Datos!B29 -> 1.1.2 | B21: =IFERROR(VLOOKUP(A21,Tabla_Datos,2,FALSE),"") -> Erradicación de arbustos y/o árboles | D21: =IFERROR(VLOOKUP(A21,Tabla_Datos,3,FALSE),"") -> un. | E21: =IFERROR(VLOOKUP(A21,Tabla_Datos,4,FALSE),0) -> 0 | F21: =IFERROR(VLOOKUP(A21,Tabla_Analisis_Precio,7,FALSE),0) -> 0 | G21: =ROUND(F21*Coeficiente_Paso,2) -> 0 | H21: =ROUND(E21*G21,2) -> 0 | I21: =IFERROR(H21/Monto_Oferta,0) -> 0
A22: =Datos!B30 -> 1.1.5 | B22: =IFERROR(VLOOKUP(A22,Tabla_Datos,2,FALSE),"") -> Provisión y colocación de Cartel de Obra | D22: =IFERROR(VLOOKUP(A22,Tabla_Datos,3,FALSE),"") -> gl | E22: =IFERROR(VLOOKUP(A22,Tabla_Datos,4,FALSE),0) -> 0 | F22: =IFERROR(VLOOKUP(A22,Tabla_Analisis_Precio,7,FALSE),0) -> 0 | G22: =ROUND(F22*Coeficiente_Paso,2) -> 0 | H22: =ROUND(E22*G22,2) -> 0 | I22: =IFERROR(H22/Monto_Oferta,0) -> 0
A23: =Datos!B31 -> 1.2 | B23: =IFERROR(VLOOKUP(A23,Tabla_Datos,2,FALSE),"") -> Replanteo y Otros | D23: =IFERROR(VLOOKUP(A23,Tabla_Datos,3,FALSE),"") -> 0 | E23: =IFERROR(VLOOKUP(A23,Tabla_Datos,4,FALSE),0) -> 0 | F23: =IFERROR(VLOOKUP(A23,Tabla_Analisis_Precio,7,FALSE),0) -> 0 | G23: =ROUND(F23*Coeficiente_Paso,2) -> 0 | H23: =ROUND(E23*G23,2) -> 0 | I23: =IFERROR(H23/Monto_Oferta,0) -> 0
A24: =Datos!B32 -> 1.2.1 | B24: =IFERROR(VLOOKUP(A24,Tabla_Datos,2,FALSE),"") -> Replanteo | D24: =IFERROR(VLOOKUP(A24,Tabla_Datos,3,FALSE),"") -> m2 | E24: =IFERROR(VLOOKUP(A24,Tabla_Datos,4,FALSE),0) -> 0 | F24: =IFERROR(VLOOKUP(A24,Tabla_Analisis_Precio,7,FALSE),0) -> 0 | G24: =ROUND(F24*Coeficiente_Paso,2) -> 0 | H24: =ROUND(E24*G24,2) -> 0 | I24: =IFERROR(H24/Monto_Oferta,0) -> 0
A25: =Datos!B33 -> 1.2.3 | B25: =IFERROR(VLOOKUP(A25,Tabla_Datos,2,FALSE),"") -> Vallados y Cierres perimetrales de Obra | D25: =IFERROR(VLOOKUP(A25,Tabla_Datos,3,FALSE),"") -> ml | E25: =IFERROR(VLOOKUP(A25,Tabla_Datos,4,FALSE),0) -> 0 | F25: =IFERROR(VLOOKUP(A25,Tabla_Analisis_Precio,7,FALSE),0) -> 0 | G25: =ROUND(F25*Coeficiente_Paso,2) -> 0 | H25: =ROUND(E25*G25,2) -> 0 | I25: =IFERROR(H25/Monto_Oferta,0) -> 0
A26: =Datos!B34 -> 1.3 | B26: =IFERROR(VLOOKUP(A26,Tabla_Datos,2,FALSE),"") -> Actividades Complementarias | D26: =IFERROR(VLOOKUP(A26,Tabla_Datos,3,FALSE),"") -> 0 | E26: =IFERROR(VLOOKUP(A26,Tabla_Datos,4,FALSE),0) -> 0 | F26: =IFERROR(VLOOKUP(A26,Tabla_Analisis_Precio,7,FALSE),0) -> 0 | G26: =ROUND(F26*Coeficiente_Paso,2) -> 0 | H26: =ROUND(E26*G26,2) -> 0 | I26: =IFERROR(H26/Monto_Oferta,0) -> 0
A27: =Datos!B35 -> 1.3.1 | B27: =IFERROR(VLOOKUP(A27,Tabla_Datos,2,FALSE),"") -> Vigilancia y alumbrado de obra | D27: =IFERROR(VLOOKUP(A27,Tabla_Datos,3,FALSE),"") -> gl | E27: =IFERROR(VLOOKUP(A27,Tabla_Datos,4,FALSE),0) -> 0 | F27: =IFERROR(VLOOKUP(A27,Tabla_Analisis_Precio,7,FALSE),0) -> 0 | G27: =ROUND(F27*Coeficiente_Paso,2) -> 0 | H27: =ROUND(E27*G27,2) -> 0 | I27: =IFERROR(H27/Monto_Oferta,0) -> 0
A28: =Datos!B36 -> 1.3.2 | B28: =IFERROR(VLOOKUP(A28,Tabla_Datos,2,FALSE),"") -> Energia de obra, Agua para la construcción | D28: =IFERROR(VLOOKUP(A28,Tabla_Datos,3,FALSE),"") -> gl | E28: =IFERROR(VLOOKUP(A28,Tabla_Datos,4,FALSE),0) -> 0 | F28: =IFERROR(VLOOKUP(A28,Tabla_Analisis_Precio,7,FALSE),0) -> 0 | G28: =ROUND(F28*Coeficiente_Paso,2) -> 0 | H28: =ROUND(E28*G28,2) -> 0 | I28: =IFERROR(H28/Monto_Oferta,0) -> 0
A29: =Datos!B37 -> 1.3.3 | B29: =IFERROR(VLOOKUP(A29,Tabla_Datos,2,FALSE),"") -> Construcción del obrador, depósitos de materiales, sanitario del personal | D29: =IFERROR(VLOOKUP(A29,Tabla_Datos,3,FALSE),"") -> gl | E29: =IFERROR(VLOOKUP(A29,Tabla_Datos,4,FALSE),0) -> 0 | F29: =IFERROR(VLOOKUP(A29,Tabla_Analisis_Precio,7,FALSE),0) -> 0 | G29: =ROUND(F29*Coeficiente_Paso,2) -> 0 | H29: =ROUND(E29*G29,2) -> 0 | I29: =IFERROR(H29/Monto_Oferta,0) -> 0
... A185: =Datos!B193 -> 25 | B185: =IFERROR(VLOOKUP(A185,Tabla_Datos,2,FALSE),"") -> DOCUMENTACIÓN FINAL | D185: =IFERROR(VLOOKUP(A185,Tabla_Datos,3,FALSE),"") -> gl | E185: =IFERROR(VLOOKUP(A185,Tabla_Datos,4,FALSE),0) -> 0 | F185: =IFERROR(VLOOKUP(A185,Tabla_Analisis_Precio,7,FALSE),0) -> 0 | G185: =ROUND(F185*Coeficiente_Paso,2) -> 0 | H185: =ROUND(E185*G185,2) -> 0 | I185: =IFERROR(H185/Monto_Oferta,0) -> 0
A186: =Datos!B195 -> 0 | B186: =IFERROR(VLOOKUP(A186,Tabla_Datos,2,FALSE),"") | D186: =IFERROR(VLOOKUP(A186,Tabla_Datos,3,FALSE),"") | E186: =IFERROR(VLOOKUP(A186,Tabla_Datos,4,FALSE),0) -> 0 | F186: =IFERROR(VLOOKUP(A186,Tabla_Analisis_Precio,7,FALSE),0) -> 0 | G186: =ROUND(F186*Coeficiente_Paso,2) -> 0 | H186: =ROUND(E186*G186,2) -> 0 | I186: =IFERROR(H186/Monto_Oferta,0) -> 0
A187: =Datos!B208 -> 0 | B187: =IFERROR(VLOOKUP(A187,Tabla_Datos,2,FALSE),"") | D187: =IFERROR(VLOOKUP(A187,Tabla_Datos,3,FALSE),"") | E187: =IFERROR(VLOOKUP(A187,Tabla_Datos,4,FALSE),0) -> 0 | G187: =ROUND(F187*Coeficiente_Paso,2) -> 0 | H187: =ROUND(E187*G187,2) -> 0 | I187: =IFERROR(H187/Monto_Oferta,0) -> 0
B188: TOTAL COSTO | F188: =ROUND(SUMPRODUCT(E18:E187,F18:F187),2) -> 0 | G188: TOTAL OFERTA | H188: =SUM(H18:H187) -> 0 | I188: =SUM(I18:I187) -> 0
A190: 1- | B190: COSTO COSTO | H190: =ROUND(H199/Coeficiente_Paso,2) -> 0
A191: 2- | B191: ="COSTO FINANCIERO "&ROUND(Costo_Financiero*100,2)&" % de ( 1 )" -> COSTO FINANCIERO 0 % de ( 1 ) | E191: =Costo_Financiero -> 0 | H191: =ROUND(H190*Costo_Financiero,2) -> 0
A192: 3- | B192: COSTO OBRA ( 1 + 2 ) | H192: =H190+H191 -> 0
A193: 4- | B193: =CONCATENATE("GASTOS GENERALES ",ROUND(Gasto_Generales_Porcentaje*100,3)," % de ( 3 )") -> GASTOS GENERALES 0 % de ( 3 ) | E193: =Gasto_Generales_Porcentaje -> 0 | H193: =ROUND(Gasto_Generales_Porcentaje*H192,2) -> 0
A194: 5- | B194: =CONCATENATE("BENEFICIOS ",ROUND(Beneficio*100,2)," % de ( 3 )") -> BENEFICIOS 0 % de ( 3 ) | E194: =Beneficio -> 0 | H194: =IF(Beneficio=0,,ROUND(Beneficio*H192,2)) -> 0
A195: 6 | B195: SUB TOTAL ( 3 + 4 + 5 ) | H195: =H192+H193+H194 -> 0
A196: 7- | B196: =CONCATENATE("INGRESOS BRUTOS Y LOTE HOGAR ",ROUND(Ingresos_Brutos*100,2)," % de ( 6 )") -> INGRESOS BRUTOS Y LOTE HOGAR 2,4 % de ( 6 ) | E196: =Ingresos_Brutos -> 0.024 | H196: =ROUND(Ingresos_Brutos*H195,2) -> 0
A197: 8- | B197: =CONCATENATE("IMPUESTO AL VALOR AGREGADO ",IVA*100," % de ( 6 )") -> IMPUESTO AL VALOR AGREGADO 21 % de ( 6 ) | E197: =IVA -> 0.21 | H197: =ROUND(IVA*H195,2) -> 0
B199: TOTAL OFERTA | H199: =Monto_Oferta -> 0
B201: ="El presente presupuesto asciende a la suma de: " & 'Números a Letras'!C27 -> El presente presupuesto asciende a la suma de: CON 0/100
A203: FIN

Sheet AP
A1: ANALISIS DE PRECIOS
A2: COMITENTE: | B2: =Comitente -> SUBSECRETARIA DE OBRAS PUBLICAS
A3: CONTRATISTA: | B3: =Contratista -> 0
A4: OBRA: | B4: =Obra -> CAPS. VIRGEN DE GUADALUPE | F4: PRECIOS A: | G4: =Fecha_Base -> 0
A5: UBICACIÓN: | B5: =Ubicación -> Calle Enfermera Medina y Cristobal Colon - Dpto. CAUCETE - Sup. 227,50m2
A6: RUBRO: | B6: =IFERROR(VALUE(LEFT(B7,FIND(".",B7)-1)),"") -> 1 | C6: =IFERROR(VLOOKUP(B6,Tabla_CyP,2,FALSE),"") -> TRABAJOS PRELIMINARES
A7: ITEM: | B7: =IFERROR(VLOOKUP(COUNTIF($A$1:A7,"ANALISIS DE PRECIOS"),Tabla_NumeroItem,2,FALSE),"") -> 1.1.1 | C7: =IFERROR(VLOOKUP(B7,Tabla_CyP,2,FALSE),"") -> Limpieza de los Terrenos | F7: UNIDAD: | G7: =IFERROR(VLOOKUP(B7,Tabla_CyP,4,FALSE),"") -> gl
A9: DATOS REDETERMINACION | C9: DESIGNACION | D9: U | E9: Cantidad | F9: $ Unitarios | G9: $ Parcial
A10: CÓDIGO | B10: DESCRIPCIÓN
C11: A - MATERIALES
A12: =IFERROR(VLOOKUP(C12,Tabla_Insumos,4,FALSE),"") | B12: =IFERROR(VLOOKUP(C12,Tabla_Insumos,5,FALSE),"") | D12: =IFERROR(VLOOKUP(C12,Tabla_Insumos,2,FALSE),"") | F12: =IFERROR(VLOOKUP(C12,Tabla_Insumos,3,FALSE),0) -> 0 | G12: =ROUND(E12*F12,2) -> 0
A13: =IFERROR(VLOOKUP(C13,Tabla_Insumos,4,FALSE),"") | B13: =IFERROR(VLOOKUP(C13,Tabla_Insumos,5,FALSE),"") | D13: =IFERROR(VLOOKUP(C13,Tabla_Insumos,2,FALSE),"") | F13: =IFERROR(VLOOKUP(C13,Tabla_Insumos,3,FALSE),0) -> 0 | G13: =ROUND(E13*F13,2) -> 0
A14: =IFERROR(VLOOKUP(C14,Tabla_Insumos,4,FALSE),"") | B14: =IFERROR(VLOOKUP(C14,Tabla_Insumos,5,FALSE),"") | D14: =IFERROR(VLOOKUP(C14,Tabla_Insumos,2,FALSE),"") | F14: =IFERROR(VLOOKUP(C14,Tabla_Insumos,3,FALSE),0) -> 0 | G14: =ROUND(E14*F14,2) -> 0
A15: =IFERROR(VLOOKUP(C15,Tabla_Insumos,4,FALSE),"") | B15: =IFERROR(VLOOKUP(C15,Tabla_Insumos,5,FALSE),"") | D15: =IFERROR(VLOOKUP(C15,Tabla_Insumos,2,FALSE),"") | F15: =IFERROR(VLOOKUP(C15,Tabla_Insumos,3,FALSE),0) -> 0 | G15: =ROUND(E15*F15,2) -> 0
A16: =IFERROR(VLOOKUP(C16,Tabla_Insumos,4,FALSE),"") | B16: =IFERROR(VLOOKUP(C16,Tabla_Insumos,5,FALSE),"") | D16: =IFERROR(VLOOKUP(C16,Tabla_Insumos,2,FALSE),"") | F16: =IFERROR(VLOOKUP(C16,Tabla_Insumos,3,FALSE),0) -> 0 | G16: =ROUND(E16*F16,2) -> 0
A17: =IFERROR(VLOOKUP(C17,Tabla_Insumos,4,FALSE),"") | B17: =IFERROR(VLOOKUP(C17,Tabla_Insumos,5,FALSE),"") | D17: =IFERROR(VLOOKUP(C17,Tabla_Insumos,2,FALSE),"") | F17: =IFERROR(VLOOKUP(C17,Tabla_Insumos,3,FALSE),0) -> 0 | G17: =ROUND(E17*F17,2) -> 0
A18: =IFERROR(VLOOKUP(C18,Tabla_Insumos,4,FALSE),"") | B18: =IFERROR(VLOOKUP(C18,Tabla_Insumos,5,FALSE),"") | D18: =IFERROR(VLOOKUP(C18,Tabla_Insumos,2,FALSE),"") | F18: =IFERROR(VLOOKUP(C18,Tabla_Insumos,3,FALSE),0) -> 0 | G18: =ROUND(E18*F18,2) -> 0
A19: =IFERROR(VLOOKUP(C19,Tabla_Insumos,4,FALSE),"") | B19: =IFERROR(VLOOKUP(C19,Tabla_Insumos,5,FALSE),"") | D19: =IFERROR(VLOOKUP(C19,Tabla_Insumos,2,FALSE),"") | F19: =IFERROR(VLOOKUP(C19,Tabla_Insumos,3,FALSE),0) -> 0 | G19: =ROUND(E19*F19,2) -> 0
A20: =IFERROR(VLOOKUP(C20,Tabla_Insumos,4,FALSE),"") | B20: =IFERROR(VLOOKUP(C20,Tabla_Insumos,5,FALSE),"") | D20: =IFERROR(VLOOKUP(C20,Tabla_Insumos,2,FALSE),"") | F20: =IFERROR(VLOOKUP(C20,Tabla_Insumos,3,FALSE),0) -> 0 | G20: =ROUND(E20*F20,2) -> 0
A21: =IFERROR(VLOOKUP(C21,Tabla_Insumos,4,FALSE),"") | B21: =IFERROR(VLOOKUP(C21,Tabla_Insumos,5,FALSE),"") | D21: =IFERROR(VLOOKUP(C21,Tabla_Insumos,2,FALSE),"") | F21: =IFERROR(VLOOKUP(C21,Tabla_Insumos,3,FALSE),0) -> 0 | G21: =ROUND(E21*F21,2) -> 0
A22: =IFERROR(VLOOKUP(C22,Tabla_Insumos,4,FALSE),"") | B22: =IFERROR(VLOOKUP(C22,Tabla_Insumos,5,FALSE),"") | D22: =IFERROR(VLOOKUP(C22,Tabla_Insumos,2,FALSE),"") | F22: =IFERROR(VLOOKUP(C22,Tabla_Insumos,3,FALSE),0) -> 0 | G22: =ROUND(E22*F22,2) -> 0
A23: =IFERROR(VLOOKUP(C23,Tabla_Insumos,4,FALSE),"") | B23: =IFERROR(VLOOKUP(C23,Tabla_Insumos,5,FALSE),"") | D23: =IFERROR(VLOOKUP(C23,Tabla_Insumos,2,FALSE),"") | F23: =IFERROR(VLOOKUP(C23,Tabla_Insumos,3,FALSE),0) -> 0 | G23: =ROUND(E23*F23,2) -> 0
... A25: =IFERROR(VLOOKUP(C25,Tabla_Insumos,4,FALSE),"") | B25: =IFERROR(VLOOKUP(C25,Tabla_Insumos,5,FALSE),"") | D25: =IFERROR(VLOOKUP(C25,Tabla_Insumos,2,FALSE),"") | F25: =IFERROR(VLOOKUP(C25,Tabla_Insumos,3,FALSE),0) -> 0 | G25: =ROUND(E25*F25,2) -> 0
F26: Total A | G26: =SUBTOTAL(9,G12:G25) -> 0
C27: B - MANO DE OBRA
A28: =IFERROR(VLOOKUP(C28,Tabla_Insumos,4,FALSE),"") | B28: =IFERROR(VLOOKUP(A28,Tabla_Indices,5,FALSE),"") | D28: =IFERROR(VLOOKUP(C28,Tabla_Insumos,2,FALSE),"") | F28: =IFERROR(VLOOKUP(C28,Tabla_Insumos,3,FALSE),0) -> 0 | G28: =ROUND(E28*F28,2) -> 0
A29: =IFERROR(VLOOKUP(C29,Tabla_Insumos,4,FALSE),"") | B29: =IFERROR(VLOOKUP(A29,Tabla_Indices,5,FALSE),"") | D29: =IFERROR(VLOOKUP(C29,Tabla_Insumos,2,FALSE),"") | F29: =IFERROR(VLOOKUP(C29,Tabla_Insumos,3,FALSE),0) -> 0 | G29: =ROUND(E29*F29,2) -> 0
A30: =IFERROR(VLOOKUP(C30,Tabla_Insumos,4,FALSE),"") | B30: =IFERROR(VLOOKUP(A30,Tabla_Indices,5,FALSE),"") | D30: =IFERROR(VLOOKUP(C30,Tabla_Insumos,2,FALSE),"") | F30: =IFERROR(VLOOKUP(C30,Tabla_Insumos,3,FALSE),0) -> 0 | G30: =ROUND(E30*F30,2) -> 0
A31: =IFERROR(VLOOKUP(C31,Tabla_Insumos,4,FALSE),"") | B31: =IFERROR(VLOOKUP(A31,Tabla_Indices,5,FALSE),"") | D31: =IFERROR(VLOOKUP(C31,Tabla_Insumos,2,FALSE),"") | F31: =IFERROR(VLOOKUP(C31,Tabla_Insumos,3,FALSE),0) -> 0 | G31: =ROUND(E31*F31,2) -> 0
A32: =IFERROR(VLOOKUP(C32,Tabla_Insumos,4,FALSE),"") | B32: =IFERROR(VLOOKUP(A32,Tabla_Indices,5,FALSE),"") | D32: =IFERROR(VLOOKUP(C32,Tabla_Insumos,2,FALSE),"") | F32: =IFERROR(VLOOKUP(C32,Tabla_Insumos,3,FALSE),0) -> 0 | G32: =ROUND(E32*F32,2) -> 0
A33: =IFERROR(VLOOKUP(C33,Tabla_Insumos,4,FALSE),"") | B33: =IFERROR(VLOOKUP(A33,Tabla_Indices,5,FALSE),"") | D33: =IFERROR(VLOOKUP(C33,Tabla_Insumos,2,FALSE),"") | F33: =IFERROR(VLOOKUP(C33,Tabla_Insumos,3,FALSE),0) -> 0 | G33: =ROUND(E33*F33,2) -> 0
A34: =IFERROR(VLOOKUP(C34,Tabla_Insumos,4,FALSE),"") | B34: =IFERROR(VLOOKUP(A34,Tabla_Indices,5,FALSE),"") | D34: =IFERROR(VLOOKUP(C34,Tabla_Insumos,2,FALSE),"") | F34: =IFERROR(VLOOKUP(C34,Tabla_Insumos,3,FALSE),0) -> 0 | G34: =ROUND(E34*F34,2) -> 0
A35: =IFERROR(VLOOKUP(C35,Tabla_Insumos,4,FALSE),"") | B35: =IFERROR(VLOOKUP(A35,Tabla_Indices,5,FALSE),"") | D35: =IFERROR(VLOOKUP(C35,Tabla_Insumos,2,FALSE),"") | F35: =IFERROR(VLOOKUP(C35,Tabla_Insumos,3,FALSE),0) -> 0 | G35: =ROUND(E35*F35,2) -> 0
F36: Total B | G36: =SUBTOTAL(9,G28:G35) -> 0
C37: C - EQUIPOS
A38: =IFERROR(VLOOKUP(C38,Tabla_Insumos,4,FALSE),"") | B38: =IFERROR(VLOOKUP(C38,Tabla_Insumos,5,FALSE),"") | D38: =IFERROR(VLOOKUP(C38,Tabla_Insumos,2,FALSE),"") | F38: =IFERROR(VLOOKUP(C38,Tabla_Insumos,3,FALSE),0) -> 0 | G38: =ROUND(E38*F38,2) -> 0
A39: =IFERROR(VLOOKUP(C39,Tabla_Insumos,4,FALSE),"") | B39: =IFERROR(VLOOKUP(C39,Tabla_Insumos,5,FALSE),"") | D39: =IFERROR(VLOOKUP(C39,Tabla_Insumos,2,FALSE),"") | F39: =IFERROR(VLOOKUP(C39,Tabla_Insumos,3,FALSE),0) -> 0 | G39: =ROUND(E39*F39,2) -> 0
A40: =IFERROR(VLOOKUP(C40,Tabla_Insumos,4,FALSE),"") | B40: =IFERROR(VLOOKUP(C40,Tabla_Insumos,5,FALSE),"") | D40: =IFERROR(VLOOKUP(C40,Tabla_Insumos,2,FALSE),"") | F40: =IFERROR(VLOOKUP(C40,Tabla_Insumos,3,FALSE),0) -> 0 | G40: =ROUND(E40*F40,2) -> 0
A41: =IFERROR(VLOOKUP(C41,Tabla_Insumos,4,FALSE),"") | B41: =IFERROR(VLOOKUP(C41,Tabla_Insumos,5,FALSE),"") | D41: =IFERROR(VLOOKUP(C41,Tabla_Insumos,2,FALSE),"") | F41: =IFERROR(VLOOKUP(C41,Tabla_Insumos,3,FALSE),0) -> 0 | G41: =ROUND(E41*F41,2) -> 0
A42: =IFERROR(VLOOKUP(C42,Tabla_Insumos,4,FALSE),"") | B42: =IFERROR(VLOOKUP(C42,Tabla_Insumos,5,FALSE),"") | D42: =IFERROR(VLOOKUP(C42,Tabla_Insumos,2,FALSE),"") | F42: =IFERROR(VLOOKUP(C42,Tabla_Insumos,3,FALSE),0) -> 0 | G42: =ROUND(E42*F42,2) -> 0
A43: =IFERROR(VLOOKUP(C43,Tabla_Insumos,4,FALSE),"") | B43: =IFERROR(VLOOKUP(C43,Tabla_Insumos,5,FALSE),"") | D43: =IFERROR(VLOOKUP(C43,Tabla_Insumos,2,FALSE),"") | F43: =IFERROR(VLOOKUP(C43,Tabla_Insumos,3,FALSE),0) -> 0 | G43: =ROUND(E43*F43,2) -> 0
A44: =IFERROR(VLOOKUP(C44,Tabla_Insumos,4,FALSE),"") | B44: =IFERROR(VLOOKUP(C44,Tabla_Insumos,5,FALSE),"") | D44: =IFERROR(VLOOKUP(C44,Tabla_Insumos,2,FALSE),"") | F44: =IFERROR(VLOOKUP(C44,Tabla_Insumos,3,FALSE),0) -> 0 | G44: =ROUND(E44*F44,2) -> 0
A45: =IFERROR(VLOOKUP(C45,Tabla_Insumos,4,FALSE),"") | B45: =IFERROR(VLOOKUP(C45,Tabla_Insumos,5,FALSE),"") | D45: =IFERROR(VLOOKUP(C45,Tabla_Insumos,2,FALSE),"") | F45: =IFERROR(VLOOKUP(C45,Tabla_Insumos,3,FALSE),0) -> 0 | G45: =ROUND(E45*F45,2) -> 0
A46: =IFERROR(VLOOKUP(C46,Tabla_Insumos,4,FALSE),"") | B46: =IFERROR(VLOOKUP(C46,Tabla_Insumos,5,FALSE),"") | D46: =IFERROR(VLOOKUP(C46,Tabla_Insumos,2,FALSE),"") | F46: =IFERROR(VLOOKUP(C46,Tabla_Insumos,3,FALSE),0) -> 0 | G46: =ROUND(E46*F46,2) -> 0
F47: Total C | G47: =SUBTOTAL(9,G38:G46) -> 0
A49: =B7 -> 1.1.1 | B49: =C7 -> Limpieza de los Terrenos | D49: Costo Neto | F49: Total D=A+B+C | G49: =SUBTOTAL(9,G12:G48) -> 0
A51: ANALISIS DE PRECIOS
A52: COMITENTE: | B52: =Comitente -> SUBSECRETARIA DE OBRAS PUBLICAS
A53: CONTRATISTA: | B53: =Contratista -> 0
A54: OBRA: | B54: =Obra -> CAPS. VIRGEN DE GUADALUPE | F54: PRECIOS A: | G54: =Fecha_Base -> 0
A55: UBICACIÓN: | B55: =Ubicación -> Calle Enfermera Medina y Cristobal Colon - Dpto. CAUCETE - Sup. 227,50m2
A56: RUBRO: | B56: =IFERROR(VALUE(LEFT(B57,FIND(".",B57)-1)),"") -> 1 | C56: =IFERROR(VLOOKUP(B56,Tabla_CyP,2,FALSE),"") -> TRABAJOS PRELIMINARES
A57: ITEM: | B57: =IFERROR(VLOOKUP(COUNTIF($A$1:A57,"ANALISIS DE PRECIOS"),Tabla_NumeroItem,2,FALSE),"") -> 1.1.2 | C57: =IFERROR(VLOOKUP(B57,Tabla_CyP,2,FALSE),"") -> Erradicación de arbustos y/o árboles | F57: UNIDAD: | G57: =IFERROR(VLOOKUP(B57,Tabla_CyP,4,FALSE),"") -> un.
A59: DATOS REDETERMINACION | C59: DESIGNACION | D59: U | E59: Cantidad | F59: $ Unitarios | G59: $ Parcial
A60: CÓDIGO | B60: DESCRIPCIÓN
C61: A - MATERIALES
A62: =IFERROR(VLOOKUP(C62,Tabla_Insumos,4,FALSE),"") | B62: =IFERROR(VLOOKUP(C62,Tabla_Insumos,5,FALSE),"") | D62: =IFERROR(VLOOKUP(C62,Tabla_Insumos,2,FALSE),"") | F62: =IFERROR(VLOOKUP(C62,Tabla_Insumos,3,FALSE),0) -> 0 | G62: =ROUND(E62*F62,2) -> 0
A63: =IFERROR(VLOOKUP(C63,Tabla_Insumos,4,FALSE),"") | B63: =IFERROR(VLOOKUP(C63,Tabla_Insumos,5,FALSE),"") | D63: =IFERROR(VLOOKUP(C63,Tabla_Insumos,2,FALSE),"") | F63: =IFERROR(VLOOKUP(C63,Tabla_Insumos,3,FALSE),0) -> 0 | G63: =ROUND(E63*F63,2) -> 0
A64: =IFERROR(VLOOKUP(C64,Tabla_Insumos,4,FALSE),"") | B64: =IFERROR(VLOOKUP(C64,Tabla_Insumos,5,FALSE),"") | D64: =IFERROR(VLOOKUP(C64,Tabla_Insumos,2,FALSE),"") | F64: =IFERROR(VLOOKUP(C64,Tabla_Insumos,3,FALSE),0) -> 0 | G64: =ROUND(E64*F64,2) -> 0
A65: =IFERROR(VLOOKUP(C65,Tabla_Insumos,4,FALSE),"") | B65: =IFERROR(VLOOKUP(C65,Tabla_Insumos,5,FALSE),"") | D65: =IFERROR(VLOOKUP(C65,Tabla_Insumos,2,FALSE),"") | F65: =IFERROR(VLOOKUP(C65,Tabla_Insumos,3,FALSE),0) -> 0 | G65: =ROUND(E65*F65,2) -> 0
A66: =IFERROR(VLOOKUP(C66,Tabla_Insumos,4,FALSE),"") | B66: =IFERROR(VLOOKUP(C66,Tabla_Insumos,5,FALSE),"") | D66: =IFERROR(VLOOKUP(C66,Tabla_Insumos,2,FALSE),"") | F66: =IFERROR(VLOOKUP(C66,Tabla_Insumos,3,FALSE),0) -> 0 | G66: =ROUND(E66*F66,2) -> 0
A67: =IFERROR(VLOOKUP(C67,Tabla_Insumos,4,FALSE),"") | B67: =IFERROR(VLOOKUP(C67,Tabla_Insumos,5,FALSE),"") | D67: =IFERROR(VLOOKUP(C67,Tabla_Insumos,2,FALSE),"") | F67: =IFERROR(VLOOKUP(C67,Tabla_Insumos,3,FALSE),0) -> 0 | G67: =ROUND(E67*F67,2) -> 0
A68: =IFERROR(VLOOKUP(C68,Tabla_Insumos,4,FALSE),"") | B68: =IFERROR(VLOOKUP(C68,Tabla_Insumos,5,FALSE),"") | D68: =IFERROR(VLOOKUP(C68,Tabla_Insumos,2,FALSE),"") | F68: =IFERROR(VLOOKUP(C68,Tabla_Insumos,3,FALSE),0) -> 0 | G68: =ROUND(E68*F68,2) -> 0
A69: =IFERROR(VLOOKUP(C69,Tabla_Insumos,4,FALSE),"") | B69: =IFERROR(VLOOKUP(C69,Tabla_Insumos,5,FALSE),"") | D69: =IFERROR(VLOOKUP(C69,Tabla_Insumos,2,FALSE),"") | F69: =IFERROR(VLOOKUP(C69,Tabla_Insumos,3,FALSE),0) -> 0 | G69: =ROUND(E69*F69,2) -> 0
A70: =IFERROR(VLOOKUP(C70,Tabla_Insumos,4,FALSE),"") | B70: =IFERROR(VLOOKUP(C70,Tabla_Insumos,5,FALSE),"") | D70: =IFERROR(VLOOKUP(C70,Tabla_Insumos,2,FALSE),"") | F70: =IFERROR(VLOOKUP(C70,Tabla_Insumos,3,FALSE),0) -> 0 | G70: =ROUND(E70*F70,2) -> 0
A71: =IFERROR(VLOOKUP(C71,Tabla_Insumos,4,FALSE),"") | B71: =IFERROR(VLOOKUP(C71,Tabla_Insumos,5,FALSE),"") | D71: =IFERROR(VLOOKUP(C71,Tabla_Insumos,2,FALSE),"") | F71: =IFERROR(VLOOKUP(C71,Tabla_Insumos,3,FALSE),0) -> 0 | G71: =ROUND(E71*F71,2) -> 0
A72: =IFERROR(VLOOKUP(C72,Tabla_Insumos,4,FALSE),"") | B72: =IFERROR(VLOOKUP(C72,Tabla_Insumos,5,FALSE),"") | D72: =IFERROR(VLOOKUP(C72,Tabla_Insumos,2,FALSE),"") | F72: =IFERROR(VLOOKUP(C72,Tabla_Insumos,3,FALSE),0) -> 0 | G72: =ROUND(E72*F72,2) -> 0
A73: =IFERROR(VLOOKUP(C73,Tabla_Insumos,4,FALSE),"") | B73: =IFERROR(VLOOKUP(C73,Tabla_Insumos,5,FALSE),"") | D73: =IFERROR(VLOOKUP(C73,Tabla_Insumos,2,FALSE),"") | F73: =IFERROR(VLOOKUP(C73,Tabla_Insumos,3,FALSE),0) -> 0 | G73: =ROUND(E73*F73,2) -> 0
... A75: =IFERROR(VLOOKUP(C75,Tabla_Insumos,4,FALSE),"") | B75: =IFERROR(VLOOKUP(C75,Tabla_Insumos,5,FALSE),"") | D75: =IFERROR(VLOOKUP(C75,Tabla_Insumos,2,FALSE),"") | F75: =IFERROR(VLOOKUP(C75,Tabla_Insumos,3,FALSE),0) -> 0 | G75: =ROUND(E75*F75,2) -> 0
F76: Total A | G76: =SUBTOTAL(9,G62:G75) -> 0
C77: B - MANO DE OBRA
A78: =IFERROR(VLOOKUP(C78,Tabla_Insumos,4,FALSE),"") | B78: =IFERROR(VLOOKUP(A78,Tabla_Indices,5,FALSE),"") | D78: =IFERROR(VLOOKUP(C78,Tabla_Insumos,2,FALSE),"") | F78: =IFERROR(VLOOKUP(C78,Tabla_Insumos,3,FALSE),0) -> 0 | G78: =ROUND(E78*F78,2) -> 0
A79: =IFERROR(VLOOKUP(C79,Tabla_Insumos,4,FALSE),"") | B79: =IFERROR(VLOOKUP(A79,Tabla_Indices,5,FALSE),"") | D79: =IFERROR(VLOOKUP(C79,Tabla_Insumos,2,FALSE),"") | F79: =IFERROR(VLOOKUP(C79,Tabla_Insumos,3,FALSE),0) -> 0 | G79: =ROUND(E79*F79,2) -> 0
A80: =IFERROR(VLOOKUP(C80,Tabla_Insumos,4,FALSE),"") | B80: =IFERROR(VLOOKUP(A80,Tabla_Indices,5,FALSE),"") | D80: =IFERROR(VLOOKUP(C80,Tabla_Insumos,2,FALSE),"") | F80: =IFERROR(VLOOKUP(C80,Tabla_Insumos,3,FALSE),0) -> 0 | G80: =ROUND(E80*F80,2) -> 0
A81: =IFERROR(VLOOKUP(C81,Tabla_Insumos,4,FALSE),"") | B81: =IFERROR(VLOOKUP(A81,Tabla_Indices,5,FALSE),"") | D81: =IFERROR(VLOOKUP(C81,Tabla_Insumos,2,FALSE),"") | F81: =IFERROR(VLOOKUP(C81,Tabla_Insumos,3,FALSE),0) -> 0 | G81: =ROUND(E81*F81,2) -> 0
A82: =IFERROR(VLOOKUP(C82,Tabla_Insumos,4,FALSE),"") | B82: =IFERROR(VLOOKUP(A82,Tabla_Indices,5,FALSE),"") | D82: =IFERROR(VLOOKUP(C82,Tabla_Insumos,2,FALSE),"") | F82: =IFERROR(VLOOKUP(C82,Tabla_Insumos,3,FALSE),0) -> 0 | G82: =ROUND(E82*F82,2) -> 0
A83: =IFERROR(VLOOKUP(C83,Tabla_Insumos,4,FALSE),"") | B83: =IFERROR(VLOOKUP(A83,Tabla_Indices,5,FALSE),"") | D83: =IFERROR(VLOOKUP(C83,Tabla_Insumos,2,FALSE),"") | F83: =IFERROR(VLOOKUP(C83,Tabla_Insumos,3,FALSE),0) -> 0 | G83: =ROUND(E83*F83,2) -> 0
A84: =IFERROR(VLOOKUP(C84,Tabla_Insumos,4,FALSE),"") | B84: =IFERROR(VLOOKUP(A84,Tabla_Indices,5,FALSE),"") | D84: =IFERROR(VLOOKUP(C84,Tabla_Insumos,2,FALSE),"") | F84: =IFERROR(VLOOKUP(C84,Tabla_Insumos,3,FALSE),0) -> 0 | G84: =ROUND(E84*F84,2) -> 0
A85: =IFERROR(VLOOKUP(C85,Tabla_Insumos,4,FALSE),"") | B85: =IFERROR(VLOOKUP(A85,Tabla_Indices,5,FALSE),"") | D85: =IFERROR(VLOOKUP(C85,Tabla_Insumos,2,FALSE),"") | F85: =IFERROR(VLOOKUP(C85,Tabla_Insumos,3,FALSE),0) -> 0 | G85: =ROUND(E85*F85,2) -> 0
F86: Total B | G86: =SUBTOTAL(9,G78:G85) -> 0
C87: C - EQUIPOS
A88: =IFERROR(VLOOKUP(C88,Tabla_Insumos,4,FALSE),"") | B88: =IFERROR(VLOOKUP(C88,Tabla_Insumos,5,FALSE),"") | D88: =IFERROR(VLOOKUP(C88,Tabla_Insumos,2,FALSE),"") | F88: =IFERROR(VLOOKUP(C88,Tabla_Insumos,3,FALSE),0) -> 0 | G88: =ROUND(E88*F88,2) -> 0
A89: =IFERROR(VLOOKUP(C89,Tabla_Insumos,4,FALSE),"") | B89: =IFERROR(VLOOKUP(C89,Tabla_Insumos,5,FALSE),"") | D89: =IFERROR(VLOOKUP(C89,Tabla_Insumos,2,FALSE),"") | F89: =IFERROR(VLOOKUP(C89,Tabla_Insumos,3,FALSE),0) -> 0 | G89: =ROUND(E89*F89,2) -> 0
A90: =IFERROR(VLOOKUP(C90,Tabla_Insumos,4,FALSE),"") | B90: =IFERROR(VLOOKUP(C90,Tabla_Insumos,5,FALSE),"") | D90: =IFERROR(VLOOKUP(C90,Tabla_Insumos,2,FALSE),"") | F90: =IFERROR(VLOOKUP(C90,Tabla_Insumos,3,FALSE),0) -> 0 | G90: =ROUND(E90*F90,2) -> 0
A91: =IFERROR(VLOOKUP(C91,Tabla_Insumos,4,FALSE),"") | B91: =IFERROR(VLOOKUP(C91,Tabla_Insumos,5,FALSE),"") | D91: =IFERROR(VLOOKUP(C91,Tabla_Insumos,2,FALSE),"") | F91: =IFERROR(VLOOKUP(C91,Tabla_Insumos,3,FALSE),0) -> 0 | G91: =ROUND(E91*F91,2) -> 0
A92: =IFERROR(VLOOKUP(C92,Tabla_Insumos,4,FALSE),"") | B92: =IFERROR(VLOOKUP(C92,Tabla_Insumos,5,FALSE),"") | D92: =IFERROR(VLOOKUP(C92,Tabla_Insumos,2,FALSE),"") | F92: =IFERROR(VLOOKUP(C92,Tabla_Insumos,3,FALSE),0) -> 0 | G92: =ROUND(E92*F92,2) -> 0
A93: =IFERROR(VLOOKUP(C93,Tabla_Insumos,4,FALSE),"") | B93: =IFERROR(VLOOKUP(C93,Tabla_Insumos,5,FALSE),"") | D93: =IFERROR(VLOOKUP(C93,Tabla_Insumos,2,FALSE),"") | F93: =IFERROR(VLOOKUP(C93,Tabla_Insumos,3,FALSE),0) -> 0 | G93: =ROUND(E93*F93,2) -> 0
A94: =IFERROR(VLOOKUP(C94,Tabla_Insumos,4,FALSE),"") | B94: =IFERROR(VLOOKUP(C94,Tabla_Insumos,5,FALSE),"") | D94: =IFERROR(VLOOKUP(C94,Tabla_Insumos,2,FALSE),"") | F94: =IFERROR(VLOOKUP(C94,Tabla_Insumos,3,FALSE),0) -> 0 | G94: =ROUND(E94*F94,2) -> 0
A95: =IFERROR(VLOOKUP(C95,Tabla_Insumos,4,FALSE),"") | B95: =IFERROR(VLOOKUP(C95,Tabla_Insumos,5,FALSE),"") | D95: =IFERROR(VLOOKUP(C95,Tabla_Insumos,2,FALSE),"") | F95: =IFERROR(VLOOKUP(C95,Tabla_Insumos,3,FALSE),0) -> 0 | G95: =ROUND(E95*F95,2) -> 0
A96: =IFERROR(VLOOKUP(C96,Tabla_Insumos,4,FALSE),"") | B96: =IFERROR(VLOOKUP(C96,Tabla_Insumos,5,FALSE),"") | D96: =IFERROR(VLOOKUP(C96,Tabla_Insumos,2,FALSE),"") | F96: =IFERROR(VLOOKUP(C96,Tabla_Insumos,3,FALSE),0) -> 0 | G96: =ROUND(E96*F96,2) -> 0
F97: Total C | G97: =SUBTOTAL(9,G88:G96) -> 0
A99: =B57 -> 1.1.2 | B99: =C57 -> Erradicación de arbustos y/o árboles | D99: Costo Neto | F99: Total D=A+B+C | G99: =SUBTOTAL(9,G62:G98) -> 0
A101: ANALISIS DE PRECIOS
A102: COMITENTE: | B102: =Comitente -> SUBSECRETARIA DE OBRAS PUBLICAS
A103: CONTRATISTA: | B103: =Contratista -> 0
A104: OBRA: | B104: =Obra -> CAPS. VIRGEN DE GUADALUPE | F104: PRECIOS A: | G104: =Fecha_Base -> 0
A105: UBICACIÓN: | B105: =Ubicación -> Calle Enfermera Medina y Cristobal Colon - Dpto. CAUCETE - Sup. 227,50m2
A106: RUBRO: | B106: =IFERROR(VALUE(LEFT(B107,FIND(".",B107)-1)),"") -> 1 | C106: =IFERROR(VLOOKUP(B106,Tabla_CyP,2,FALSE),"") -> TRABAJOS PRELIMINARES
A107: ITEM: | B107: =IFERROR(VLOOKUP(COUNTIF($A$1:A107,"ANALISIS DE PRECIOS"),Tabla_NumeroItem,2,FALSE),"") -> 1.1.5 | C107: =IFERROR(VLOOKUP(B107,Tabla_CyP,2,FALSE),"") -> Provisión y colocación de Cartel de Obra | F107: UNIDAD: | G107: =IFERROR(VLOOKUP(B107,Tabla_CyP,4,FALSE),"") -> gl
A109: DATOS REDETERMINACION | C109: DESIGNACION | D109: U | E109: Cantidad | F109: $ Unitarios | G109: $ Parcial
...

Sheet PTyCI
A1: COMITENTE : | C1: =Comitente -> SUBSECRETARIA DE OBRAS PUBLICAS
A2: OBRA : | C2: =Obra -> CAPS. VIRGEN DE GUADALUPE
A3: UBICACION: | C3: =Ubicación -> Calle Enfermera Medina y Cristobal Colon - Dpto. CAUCETE - Sup. 227,50m2
A4: LICITACIÓN N°: | C4: =Licitación_N° -> 0
A5: PLAZO DE OBRA: | C5: =Plazo_Obra -> 180
A6: EMPRESA CONSTRUCTORA: | C6: =Contratista -> 0
A8: PLAN DE TRABAJO Y CURVA DE INVERSIONES
A10: RUBRO ITEM | B10: DESIGNACION | D10: PORCENTAJE INCIDENCIA DEL ITEM | F10: MESES | M10: TOTAL PARA CONTROL
E11: 0 | F11: 1 | G11: 2 | H11: 3 | I11: 4 | J11: 5 | K11: 6
A13: =CyP!A18 -> 1 | B13: =IFERROR(VLOOKUP(A13,Tabla_CyP,2,FALSE),"") -> TRABAJOS PRELIMINARES | D13: =IFERROR(VLOOKUP(A13,Tabla_CyP,9,FALSE),0) -> 0 | M13: =SUM(F13:K13) -> 0
A14: =CyP!A19 -> 1.1 | B14: =IFERROR(VLOOKUP(A14,Tabla_CyP,2,FALSE),"") -> Preparación y Limpieza del terreno | D14: =IFERROR(VLOOKUP(A14,Tabla_CyP,9,FALSE),0) -> 0 | M14: =SUM(F14:K14) -> 0
A15: =CyP!A20 -> 1.1.1 | B15: =IFERROR(VLOOKUP(A15,Tabla_CyP,2,FALSE),"") -> Limpieza de los Terrenos | D15: =IFERROR(VLOOKUP(A15,Tabla_CyP,9,FALSE),0) -> 0 | M15: =SUM(F15:K15) -> 0
A16: =CyP!A21 -> 1.1.2 | B16: =IFERROR(VLOOKUP(A16,Tabla_CyP,2,FALSE),"") -> Erradicación de arbustos y/o árboles | D16: =IFERROR(VLOOKUP(A16,Tabla_CyP,9,FALSE),0) -> 0 | M16: =SUM(F16:K16) -> 0
A17: =CyP!A22 -> 1.1.5 | B17: =IFERROR(VLOOKUP(A17,Tabla_CyP,2,FALSE),"") -> Provisión y colocación de Cartel de Obra | D17: =IFERROR(VLOOKUP(A17,Tabla_CyP,9,FALSE),0) -> 0 | M17: =SUM(F17:K17) -> 0
A18: =CyP!A23 -> 1.2 | B18: =IFERROR(VLOOKUP(A18,Tabla_CyP,2,FALSE),"") -> Replanteo y Otros | D18: =IFERROR(VLOOKUP(A18,Tabla_CyP,9,FALSE),0) -> 0 | M18: =SUM(F18:K18) -> 0
A19: =CyP!A24 -> 1.2.1 | B19: =IFERROR(VLOOKUP(A19,Tabla_CyP,2,FALSE),"") -> Replanteo | D19: =IFERROR(VLOOKUP(A19,Tabla_CyP,9,FALSE),0) -> 0 | M19: =SUM(F19:K19) -> 0
A20: =CyP!A25 -> 1.2.3 | B20: =IFERROR(VLOOKUP(A20,Tabla_CyP,2,FALSE),"") -> Vallados y Cierres perimetrales de Obra | D20: =IFERROR(VLOOKUP(A20,Tabla_CyP,9,FALSE),0) -> 0 | M20: =SUM(F20:K20) -> 0
A21: =CyP!A26 -> 1.3 | B21: =IFERROR(VLOOKUP(A21,Tabla_CyP,2,FALSE),"") -> Actividades Complementarias | D21: =IFERROR(VLOOKUP(A21,Tabla_CyP,9,FALSE),0) -> 0 | M21: =SUM(F21:K21) -> 0
A22: =CyP!A27 -> 1.3.1 | B22: =IFERROR(VLOOKUP(A22,Tabla_CyP,2,FALSE),"") -> Vigilancia y alumbrado de obra | D22: =IFERROR(VLOOKUP(A22,Tabla_CyP,9,FALSE),0) -> 0 | M22: =SUM(F22:K22) -> 0
A23: =CyP!A28 -> 1.3.2 | B23: =IFERROR(VLOOKUP(A23,Tabla_CyP,2,FALSE),"") -> Energia de obra, Agua para la construcción | D23: =IFERROR(VLOOKUP(A23,Tabla_CyP,9,FALSE),0) -> 0 | M23: =SUM(F23:K23) -> 0
A24: =CyP!A29 -> 1.3.3 | B24: =IFERROR(VLOOKUP(A24,Tabla_CyP,2,FALSE),"") -> Construcción del obrador, depósitos de materiales, sanitario del personal | D24: =IFERROR(VLOOKUP(A24,Tabla_CyP,9,FALSE),0) -> 0 | M24: =SUM(F24:K24) -> 0
... A184: =CyP!A189 -> 0 | B184: =IFERROR(VLOOKUP(A184,Tabla_CyP,2,FALSE),"") | D184: =IFERROR(VLOOKUP(A184,Tabla_CyP,9,FALSE),0) -> 0 | M184: =SUM(F184:K184) -> 0
A185: =CyP!A186 -> 0 | B185: =IFERROR(VLOOKUP(A185,Tabla_CyP,2,FALSE),"") | D185: =IFERROR(VLOOKUP(A185,Tabla_CyP,9,FALSE),0) -> 0 | M185: =SUM(F185:K185) -> 0
A186: =CyP!A188 | B186: TOTAL | D186: =SUM(D13:D185) -> 0 | M186: =SUM(F186:K186) -> 0
D188: Avance Mensual | E188: 0 | F188: =SUMPRODUCT($D$13:$D$185,$F$13:$F$185) -> 0 | G188: =SUMPRODUCT($D$13:$D$185,$F$13:$F$185) -> 0 | H188: =SUMPRODUCT($D$13:$D$185,$F$13:$F$185) -> 0 | I188: =SUMPRODUCT($D$13:$D$185,$F$13:$F$185) -> 0 | J188: =SUMPRODUCT($D$13:$D$185,$F$13:$F$185) -> 0 | K188: =SUMPRODUCT($D$13:$D$185,$F$13:$F$185) -> 0
D189: Avance Acumulado | E189: 0 | F189: =E189+F188 -> 0 | G189: =F189+G188 -> 0 | H189: =G189+H188 -> 0 | I189: =H189+I188 -> 0 | J189: =I189+J188 -> 0 | K189: =J189+K188 -> 0
E190: Anticipo Financiero
D191: Inversión Mensual | E191: =Anticipo_Financiero*Monto_Oferta -> 0 | F191: =Monto_Oferta*F188*(1-Anticipo_Financiero) -> 0 | G191: =Monto_Oferta*G188*(1-Anticipo_Financiero) -> 0 | H191: =Monto_Oferta*H188*(1-Anticipo_Financiero) -> 0 | I191: =Monto_Oferta*I188*(1-Anticipo_Financiero) -> 0 | J191: =Monto_Oferta*J188*(1-Anticipo_Financiero) -> 0 | K191: =Monto_Oferta*K188*(1-Anticipo_Financiero) -> 0
D192: Inversión Acumulada | E192: =E191 -> 0 | F192: =E192+F191 -> 0 | G192: =F192+G191 -> 0 | H192: =G192+H191 -> 0 | I192: =H192+I191 -> 0 | J192: =I192+J191 -> 0 | K192: =J192+K191 -> 0
E193: 0
E194: 0

Sheet Avance Obra
K6: ="OBRA: " & UPPER(Obra) -> OBRA: CAPS. VIRGEN DE GUADALUPE
K7: PLAN DE TRABAJO
K8: AVANCE PORCENTUAL OBRA

Sheet Curva Inversiones
H3: ="OBRA: " & UPPER(Obra) -> OBRA: CAPS. VIRGEN DE GUADALUPE
H4: CURVA DE INVERSIÓN
H5: AVANCE MONETARIO

Sheet Gastos Generales
A3: COMITENTE : | B3: =Comitente -> SUBSECRETARIA DE OBRAS PUBLICAS
A4: OBRA : | B4: =Obra -> CAPS. VIRGEN DE GUADALUPE
A5: UBICACION: | B5: =Ubicación -> Calle Enfermera Medina y Cristobal Colon - Dpto. CAUCETE - Sup. 227,50m2
A6: LICITACIÓN N°: | B6: =Licitación_N° -> 0
A7: EMPRESA CONSTRUCTORA: | B7: =Contratista -> 0
A9: COMPOSICION DE GASTOS GENERALES
A10: (Valores Netos sin Impuestos)
C12: Importe | D12: % Incidencia | E12: % Incid. Rubro
A13: Total Gastos Generales de Obra | C13: =ROUND(SUBTOTAL(9,C14:C36),2) -> 0 | D13: =SUBTOTAL(9,D14:D36) -> 0
D14: =IFERROR(C14/GG_Obra,0) -> 0 | E14: =IFERROR(C14/Gastos_Generales_Pesos,0) -> 0
D15: =IFERROR(C15/GG_Obra,0) -> 0 | E15: =IFERROR(C15/Gastos_Generales_Pesos,0) -> 0
D16: =IFERROR(C16/GG_Obra,0) -> 0 | E16: =IFERROR(C16/Gastos_Generales_Pesos,0) -> 0
D17: =IFERROR(C17/GG_Obra,0) -> 0 | E17: =IFERROR(C17/Gastos_Generales_Pesos,0) -> 0
D18: =IFERROR(C18/GG_Obra,0) -> 0 | E18: =IFERROR(C18/Gastos_Generales_Pesos,0) -> 0
D19: =IFERROR(C19/GG_Obra,0) -> 0 | E19: =IFERROR(C19/Gastos_Generales_Pesos,0) -> 0
D20: =IFERROR(C20/GG_Obra,0) -> 0 | E20: =IFERROR(C20/Gastos_Generales_Pesos,0) -> 0
D21: =IFERROR(C21/GG_Obra,0) -> 0 | E21: =IFERROR(C21/Gastos_Generales_Pesos,0) -> 0
D22: =IFERROR(C22/GG_Obra,0) -> 0 | E22: =IFERROR(C22/Gastos_Generales_Pesos,0) -> 0
D23: =IFERROR(C23/GG_Obra,0) -> 0 | E23: =IFERROR(C23/Gastos_Generales_Pesos,0) -> 0
D24: =IFERROR(C24/GG_Obra,0) -> 0 | E24: =IFERROR(C24/Gastos_Generales_Pesos,0) -> 0
D25: =IFERROR(C25/GG_Obra,0) -> 0 | E25: =IFERROR(C25/Gastos_Generales_Pesos,0) -> 0
... D36: =IFERROR(C36/GG_Obra,0) -> 0 | E36: =IFERROR(C36/Gastos_Generales_Pesos,0) -> 0
A38: Gastos Generales de la Empresa | C38: =ROUND(SUBTOTAL(9,C39:C48),2) -> 0 | D38: =SUBTOTAL(9,D39:D55) -> 0
D39: =IFERROR(C39/GG_Empresa,0) -> 0 | E39: =IFERROR(C39/Gastos_Generales_Pesos,0) -> 0
D40: =IFERROR(C40/GG_Empresa,0) -> 0 | E40: =IFERROR(C40/Gastos_Generales_Pesos,0) -> 0
D41: =IFERROR(C41/GG_Empresa,0) -> 0 | E41: =IFERROR(C41/Gastos_Generales_Pesos,0) -> 0
D42: =IFERROR(C42/GG_Empresa,0) -> 0 | E42: =IFERROR(C42/Gastos_Generales_Pesos,0) -> 0
D43: =IFERROR(C43/GG_Empresa,0) -> 0 | E43: =IFERROR(C43/Gastos_Generales_Pesos,0) -> 0
D44: =IFERROR(C44/GG_Empresa,0) -> 0 | E44: =IFERROR(C44/Gastos_Generales_Pesos,0) -> 0
D45: =IFERROR(C45/GG_Empresa,0) -> 0 | E45: =IFERROR(C45/Gastos_Generales_Pesos,0) -> 0
D46: =IFERROR(C46/GG_Empresa,0) -> 0 | E46: =IFERROR(C46/Gastos_Generales_Pesos,0) -> 0
D47: =IFERROR(C47/GG_Empresa,0) -> 0 | E47: =IFERROR(C47/Gastos_Generales_Pesos,0) -> 0
D48: =IFERROR(C48/GG_Empresa,0) -> 0 | E48: =IFERROR(C48/Gastos_Generales_Pesos,0) -> 0
A50: TOTAL GASTOS GENERALES | C50: =ROUND(SUBTOTAL(9,C13:C48),2) -> 0 | E50: =SUBTOTAL(9,E13:E48) -> 0

Sheet Insumos
A1: LISTADO DE INSUMOS - MANO DE OBRA, MATERIALES Y EQUIPOS - PARA LA OBRA
A3: DENOMINACIÓN INSUMO | B3: UN. | C3: PRECIO SIN IVA | D3: CODIGO | E3: DESCRIPCION
A4: MANO DE OBRA
A5: Oficial Especializado | B5: hs. | D5: IIEE-SJ - 101000 | E5: =IFERROR(VLOOKUP(D5,Tabla_Indices,5,FALSE),"") -> Oficial Especializado
A6: Oficial | B6: hs. | D6: IIEE-SJ - 102000 | E6: =IFERROR(VLOOKUP(D6,Tabla_Indices,5,FALSE),"") -> Oficial
A7: Ayudante | B7: hs. | D7: IIEE-SJ - 103000 | E7: =IFERROR(VLOOKUP(D7,Tabla_Indices,5,FALSE),"") -> Ayudante
A8: Cargas Sociales Oficial Especializado | B8: hs. | D8: IIEE-SJ - 101000 | E8: =IFERROR(VLOOKUP(D8,Tabla_Indices,5,FALSE),"") -> Oficial Especializado
A9: Cargas Sociales Oficial | B9: hs. | D9: IIEE-SJ - 102000 | E9: =IFERROR(VLOOKUP(D9,Tabla_Indices,5,FALSE),"") -> Oficial
A10: Cargas Sociales Ayudante | B10: hs. | D10: IIEE-SJ - 103000 | E10: =IFERROR(VLOOKUP(D10,Tabla_Indices,5,FALSE),"") -> Ayudante
A11: Honorarios profesionales | B11: hs | D11: IIEE-SJ - 101000 | E11: =IFERROR(VLOOKUP(D11,Tabla_Indices,5,FALSE),"") -> Oficial Especializado
A12: EQUIPOS
A13: Camión volcador | B13: Hs | D13: INDEC-SA - 71240-11 | E13: =IFERROR(VLOOKUP(D13,Tabla_Indices,5,FALSE),"") -> Camión volcador
A14: Camión volcador - regador | B14: Hs | D14: INDEC-SA - 71240-11 | E14: =IFERROR(VLOOKUP(D14,Tabla_Indices,5,FALSE),"") -> Camión volcador
A15: Equipo compactador mecanico | B15: Hs | D15: INDEC-EC - 44231-11 | E15: =IFERROR(VLOOKUP(D15,Tabla_Indices,5,FALSE),"") -> Vibrador a péndulo
A16: Herramientas de mano | B16: Hs | D16: INDEC-PB - 42921-2 | E16: =IFERROR(VLOOKUP(D16,Tabla_Indices,5,FALSE),"") -> Herramientas de mano
A17: Pluma 300 Kg. - manitou | B17: Hs | D17: INDEC-EC - 43520-21 | E17: =IFERROR(VLOOKUP(D17,Tabla_Indices,5,FALSE),"") -> Pluma 300 Kg.
A18: Retroexcavadora cat 416 + martillo demoledor | B18: Hs | D18: INDEC-GG 51800-21 | E18: =IFERROR(VLOOKUP(D18,Tabla_Indices,5,FALSE),"") -> Alquiler de retroexcavadora
A19: Camión volcador con acoplado | B19: Hs | D19: INDEC-SA - 71240-11 | E19: =IFERROR(VLOOKUP(D19,Tabla_Indices,5,FALSE),"") -> Camión volcador
A20: Camioneta | B20: Hs | D20: INDEC-GG 71233-11 | E20: =IFERROR(VLOOKUP(D20,Tabla_Indices,5,FALSE),"") -> Alquiler de camioneta
A21: Grua para 100 mts | B21: hs | D21: INDEC-EC - 43520-21 | E21: =IFERROR(VLOOKUP(D21,Tabla_Indices,5,FALSE),"") -> Pluma 300 Kg.
A22: nivel optico | B22: hs | D22: INDEC-PB - 42921-2 | E22: =IFERROR(VLOOKUP(D22,Tabla_Indices,5,FALSE),"") -> Herramientas de mano
E23: =IFERROR(VLOOKUP(D23,Tabla_Indices,5,FALSE),"")
E24: =IFERROR(VLOOKUP(D24,Tabla_Indices,5,FALSE),"")
E25: =IFERROR(VLOOKUP(D25,Tabla_Indices,5,FALSE),"")
A26: MATERIALES VARIOS
A27: Accesorios Instalacion TVR ( panel , control inalamabrico , touch screen , etc ) | B27: gl | D27: INDEC-PB - 46112-1 | E27: =IFERROR(VLOOKUP(D27,Tabla_Indices,5,FALSE),"") -> Motores eléctricos
A28: Adhesivo para pisos y revestimientos cerámicos | B28: Kg | D28: INDEC-CM - 37440-21 | E28: =IFERROR(VLOOKUP(D28,Tabla_Indices,5,FALSE),"") -> Adhesivo para pisos y revestimientos cerámicos
A29: Adhesivo para pisos y revestimientos cerámicos | B29: Kg | D29: INDEC-CM - 37440-21 | E29: =IFERROR(VLOOKUP(D29,Tabla_Indices,5,FALSE),"") -> Adhesivo para pisos y revestimientos cerámicos
A30: Alambres de acero | B30: kg | D30: INDEC-PB - 41263-1 | E30: =IFERROR(VLOOKUP(D30,Tabla_Indices,5,FALSE),"") -> Alambres de acero
A31: Alumbrado de seguridad ( postado + luminarias ) | B31: gl | D31: INDEC-CM - 46531-12 | E31: =IFERROR(VLOOKUP(D31,Tabla_Indices,5,FALSE),"") -> Iluminación de emergencia
A32: Alumbrado de seguridad ( postado + luminarias ) | B32: gl | D32: INDEC-CM - 46531-12 | E32: =IFERROR(VLOOKUP(D32,Tabla_Indices,5,FALSE),"") -> Iluminación de emergencia
A33: Anafe a gas 4 anillos para hollas 100 litros | B33: un | D33: INDEC-CM - 44821-11 | E33: =IFERROR(VLOOKUP(D33,Tabla_Indices,5,FALSE),"") -> Anafe a gas
A34: Anafe a gas 4 anillos para hollas 100 litros | B34: un | D34: INDEC-CM - 44821-11 | E34: =IFERROR(VLOOKUP(D34,Tabla_Indices,5,FALSE),"") -> Anafe a gas
A35: Anafe con anillos | B35: gl | D35: INDEC-CM - 44821-11 | E35: =IFERROR(VLOOKUP(D35,Tabla_Indices,5,FALSE),"") -> Anafe a gas
A36: Anafe con anillos | B36: ud | D36: INDEC-CM - 44821-11 | E36: =IFERROR(VLOOKUP(D36,Tabla_Indices,5,FALSE),"") -> Anafe a gas
A37: Anafe electrico | B37: gl | D37: INDEC-PB - 46112-1 | E37: =IFERROR(VLOOKUP(D37,Tabla_Indices,5,FALSE),"") -> Motores eléctricos
A38: Anafe electrico | B38: gl | D38: INDEC-PB - 46112-1 | E38: =IFERROR(VLOOKUP(D38,Tabla_Indices,5,FALSE),"") -> Motores eléctricos
... A113: Caños electricos semipesados | B113: ud | D113: INDEC-PB - 36320-1 | E113: =IFERROR(VLOOKUP(D113,Tabla_Indices,5,FALSE),"") -> Caños y tubos de PVC
A114: carga de gas glp | B114: gl | E114: =IFERROR(VLOOKUP(D114,Tabla_Indices,5,FALSE),"")
A115: Carpinteria de aluminio ventanas | B115: m2 | D115: INDEC-PB - 41532-11 | E115: =IFERROR(VLOOKUP(D115,Tabla_Indices,5,FALSE),"") -> Lingotes de aluminio y sus aleaciones
A116: Carpinteria de madera , puertas, muebles , etc | B116: gl | D116: INDEC-PB - 31430-1 | E116: =IFERROR(VLOOKUP(D116,Tabla_Indices,5,FALSE),"") -> Maderas aglomeradas
A117: Carpinteria Metalica marcos, puertas , portones , etc | B117: m2 | D117: INDEC-CM - 42120-11 | E117: =IFERROR(VLOOKUP(D117,Tabla_Indices,5,FALSE),"") -> Puerta metálica vidriada
A118: carpinteria metalica sector existente | B118: gl | D118: INDEC-CM - 42120-11 | E118: =IFERROR(VLOOKUP(D118,Tabla_Indices,5,FALSE),"") -> Puerta metálica vidriada
A119: Cartel de obra | B119: gl | D119: INDEC-PB - 42999-2 | E119: =IFERROR(VLOOKUP(D119,Tabla_Indices,5,FALSE),"") -> Chapas metálicas
A120: Cartel escudo institucional | B120: ud | D120: INDEC-PB - 42999-2 | E120: =IFERROR(VLOOKUP(D120,Tabla_Indices,5,FALSE),"") -> Chapas metálicas
A121: Cartel generico Bandera | B121: ud | D121: INDEC-PB - 42999-2 | E121: =IFERROR(VLOOKUP(D121,Tabla_Indices,5,FALSE),"") -> Chapas metálicas
A122: Cartel generico colgante | B122: ud | D122: INDEC-PB - 34730-1 | E122: =IFERROR(VLOOKUP(D122,Tabla_Indices,5,FALSE),"") -> Polímeros del cloruro de vinilo
A123: Cartel generico IN SITU | B123: ud | D123: INDEC-PB - 31430-1 | E123: =IFERROR(VLOOKUP(D123,Tabla_Indices,5,FALSE),"") -> Maderas aglomeradas
A124: Carteleria | B124: gl | D124: INDEC-PB - 34730-1 | E124: =IFERROR(VLOOKUP(D124,Tabla_Indices,5,FALSE),"") -> Polímeros del cloruro de vinilo
A125: Carteleria de señalizacion | B125: gl | D125: INDEC-PB - 42999-2 | E125: =IFERROR(VLOOKUP(D125,Tabla_Indices,5,FALSE),"") -> Chapas metálicas
A126: Casilla para obrador | B126: gl | D126: INDEC-GG 53111-1 | E126: =IFERROR(VLOOKUP(D126,Tabla_Indices,5,FALSE),"") -> Casilla para obrador
... A169: Enduido Plástico | B169: kg | D169: INDEC-PB - 35110-1 | E169: =IFERROR(VLOOKUP(D169,Tabla_Indices,5,FALSE),"") -> Enduído para paredes
A170: endurecedor ( ferrocement ) | D170: INDEC-CM - 37440-21 | E170: =IFERROR(VLOOKUP(D170,Tabla_Indices,5,FALSE),"") -> Adhesivo para pisos y revestimientos cerámicos
A171: Equipaminto deportivo | B171: gl | D171: INDEC-PB - 31420-1 | E171: =IFERROR(VLOOKUP(D171,Tabla_Indices,5,FALSE),"") -> Maderas terciadas fenólicas
A172: Equipo AC frio calor 12000 | B172: ud | D172: INDEC-PB - 291- | E172: =IFERROR(VLOOKUP(D172,Tabla_Indices,5,FALSE),"") -> Máquinas de uso general (incluye: Motores a explosión de uso industrial, Electrobombas, Compresores y sus repuestos, Rodamientos, Cintas transportadoras, Elevadores de cereales, Máquinas para limpieza de pisos y alfombras, Balanzas, Básculas, Envasadoras, Acondicionadores de aire y Máquinas para pintar).
A173: Equipo AC frio calor 2250 | B173: ud | D173: INDEC-PB - 291- | E173: =IFERROR(VLOOKUP(D173,Tabla_Indices,5,FALSE),"") -> Máquinas de uso general (incluye: Motores a explosión de uso industrial, Electrobombas, Compresores y sus repuestos, Rodamientos, Cintas transportadoras, Elevadores de cereales, Máquinas para limpieza de pisos y alfombras, Balanzas, Básculas, Envasadoras, Acondicionadores de aire y Máquinas para pintar).
A174: Equipo AC frio calor 8000 | B174: ud | D174: INDEC-PB - 291- | E174: =IFERROR(VLOOKUP(D174,Tabla_Indices,5,FALSE),"") -> Máquinas de uso general (incluye: Motores a explosión de uso industrial, Electrobombas, Compresores y sus repuestos, Rodamientos, Cintas transportadoras, Elevadores de cereales, Máquinas para limpieza de pisos y alfombras, Balanzas, Básculas, Envasadoras, Acondicionadores de aire y Máquinas para pintar).
A175: Equipo de bombeo de lodo | B175: hs | D175: INDEC-PB - 43220-1 | E175: =IFERROR(VLOOKUP(D175,Tabla_Indices,5,FALSE),"") -> Electrobombas
A176: Equipos de AC f/c CASSATTE 2500 a 7000 fri/hs - unidad condesandora - VRV f/c ( para todo el hospital ) Completo | B176: gl | D176: INDEC-DCTO - Inciso i) | E176: =IFERROR(VLOOKUP(D176,Tabla_Indices,5,FALSE),"") -> Motores eléctricos y equipos de aire acondicionado
A177: Equipos de aire acondicionado tipo split marca Carrier 3500 kcal frio calor inverter | B177: Unidad | D177: INDEC-PB - 43220-1 | E177: =IFERROR(VLOOKUP(D177,Tabla_Indices,5,FALSE),"") -> Electrobombas
A178: Equipos de aire acondicionado tipo split marca Carrier 5500 kcal frio calor inverter | B178: Unidad | D178: INDEC-PB - 43220-1 | E178: =IFERROR(VLOOKUP(D178,Tabla_Indices,5,FALSE),"") -> Electrobombas
A179: Equipos de aire acondicionado tipo split marca Carrier 6300 kcal frio calor inverter | B179: Unidad | D179: INDEC-PB - 43220-1 | E179: =IFERROR(VLOOKUP(D179,Tabla_Indices,5,FALSE),"") -> Electrobombas
A180: Escalones de acceso de H°A° | B180: m2 | D180: INDEC-CM - 37510-11 | E180: =IFERROR(VLOOKUP(D180,Tabla_Indices,5,FALSE),"") -> Hormigón elaborado
A181: Escritorio | B181: ud | D181: INDEC-PB - 31420-1 | E181: =IFERROR(VLOOKUP(D181,Tabla_Indices,5,FALSE),"") -> Maderas terciadas fenólicas
A182: Esmalte Antioxido | B182: lts. | D182: INDEC-PB - 35110-2 | E182: =IFERROR(VLOOKUP(D182,Tabla_Indices,5,FALSE),"") -> Esmaltes sintéticos
... A207: Guardasillas | B207: gl | D207: INDEC-CM - 35110-32 | E207: =IFERROR(VLOOKUP(D207,Tabla_Indices,5,FALSE),"") -> Pintura al látex para exteriores
A208: Heladera | B208: gl
A209: Hidrófugo | B209: Lts | D209: INDEC-PB - 37990-1 | E209: =IFERROR(VLOOKUP(D209,Tabla_Indices,5,FALSE),"") -> Hidrófugos
A210: hierro 16 mm tensor | B210: mts | D210: INDEC-PB - 41242-1 | E210: =IFERROR(VLOOKUP(D210,Tabla_Indices,5,FALSE),"") -> Hierros redondos
A211: Hierros | B211: kg | D211: INDEC-PB - 41242-1 | E211: =IFERROR(VLOOKUP(D211,Tabla_Indices,5,FALSE),"") -> Hierros redondos
A212: Hormigón Elaborado | B212: m3 | D212: INDEC-CM - 37510-11 | E212: =IFERROR(VLOOKUP(D212,Tabla_Indices,5,FALSE),"") -> Hormigón elaborado
A213: Hormigon elaborado ( contrapisos ) | B213: m3 | D213: INDEC-PB - 37510-1 | E213: =IFERROR(VLOOKUP(D213,Tabla_Indices,5,FALSE),"") -> Hormigón
A214: Hormigon elaborado ( limpieza) | B214: m3 | D214: INDEC-PB - 37510-1 | E214: =IFERROR(VLOOKUP(D214,Tabla_Indices,5,FALSE),"") -> Hormigón
A215: Hormigón Elaborado ESTRUCTURAL | B215: m3 | D215: INDEC-CM - 37510-11 | E215: =IFERROR(VLOOKUP(D215,Tabla_Indices,5,FALSE),"") -> Hormigón elaborado
A216: Hormigon elaborado H30 | B216: m3 | D216: INDEC-CM - 37510-11 | E216: =IFERROR(VLOOKUP(D216,Tabla_Indices,5,FALSE),"") -> Hormigón elaborado
A217: Hormigon elaboradp H 11 | B217: m3 | D217: INDEC-CM - 37510-11 | E217: =IFERROR(VLOOKUP(D217,Tabla_Indices,5,FALSE),"") -> Hormigón elaborado
A218: Hormigon elaboradp H 13 | B218: m3 | D218: INDEC-CM - 37510-11 | E218: =IFERROR(VLOOKUP(D218,Tabla_Indices,5,FALSE),"") -> Hormigón elaborado
A219: Hormigon elaboradp H 17 | B219: m3 | D219: INDEC-CM - 37510-11 | E219: =IFERROR(VLOOKUP(D219,Tabla_Indices,5,FALSE),"") -> Hormigón elaborado
A220: Hormigon elaboradp H 21 | B220: m3 | D220: INDEC-CM - 37510-11 | E220: =IFERROR(VLOOKUP(D220,Tabla_Indices,5,FALSE),"") -> Hormigón elaborado
... A271: Materiales de gas varios | B271: gl | D271: INDEC-PB - 36320-3 | E271: =IFERROR(VLOOKUP(D271,Tabla_Indices,5,FALSE),"") -> Caños y tubos de polietileno
A272: Matriales para conexión de gas
A273: Materiales de seguridad contra incendio | B273: gl | D273: INDEC-CM - 43923-11 | E273: =IFERROR(VLOOKUP(D273,Tabla_Indices,5,FALSE),"") -> Matafuego de polvo químico
A274: Materiales electricos bandejas, cable canal, etc | B274: gl | D274: INDEC-PB - 46112-1 | E274: =IFERROR(VLOOKUP(D274,Tabla_Indices,5,FALSE),"") -> Motores eléctricos
A275: Materiales para CANALIZACIONES | B275: GL | D275: INDEC-PB - 46212-1 | E275: =IFERROR(VLOOKUP(D275,Tabla_Indices,5,FALSE),"") -> Interruptores eléctricos
A276: Materiales para Cegado de pozos absorbentes | B276: gl | D276: INDEC-CM - 37420-11 | E276: =IFERROR(VLOOKUP(D276,Tabla_Indices,5,FALSE),"") -> Cal área hidratada
A277: Materiales para cerco perimetral | B277: ml | D277: INDEC-CM - 37510-11 | E277: =IFERROR(VLOOKUP(D277,Tabla_Indices,5,FALSE),"") -> Hormigón elaborado
A278: Materiales para lecho nitrificante ( pvc, polietileno, camaras ,etc ) | B278: gl | D278: INDEC-PB - 36320-3 | E278: =IFERROR(VLOOKUP(D278,Tabla_Indices,5,FALSE),"") -> Caños y tubos de polietileno
A279: Materiales para sistema comunicación interna | B279: GL | D279: INDEC-PB - 46212-1 | E279: =IFERROR(VLOOKUP(D279,Tabla_Indices,5,FALSE),"") -> Interruptores eléctricos
A280: Materiales para Sistema de CCTV | B280: GL | D280: INDEC-PB - 46212-1 | E280: =IFERROR(VLOOKUP(D280,Tabla_Indices,5,FALSE),"") -> Interruptores eléctricos
A281: materiales para sistema de colector y distribucion de agua | B281: gl | E281: =IFERROR(VLOOKUP(D281,Tabla_Indices,5,FALSE),"")
A282: Materiales para sistema de redireccionamiento | B282: GL | D282: INDEC-PB - 46212-1 | E282: =IFERROR(VLOOKUP(D282,Tabla_Indices,5,FALSE),"") -> Interruptores eléctricos
A283: Materiales para Sistema IT activo | B283: GL | D283: INDEC-PB - 46212-1 | E283: =IFERROR(VLOOKUP(D283,Tabla_Indices,5,FALSE),"") -> Interruptores eléctricos
A284: Materiales para Sistema IT pasivo | B284: GL | D284: INDEC-PB - 46212-1 | E284: =IFERROR(VLOOKUP(D284,Tabla_Indices,5,FALSE),"") -> Interruptores eléctricos
A285: Materiales para vigas , cerchas metalicas, pergolas en accesos según PETP ,Planos y notas aclaratorias ( caños laminados, perfil C, chapa, planchuelas, varillas roscadas, etc ) | B285: KG | D285: INDEC-CM - 41251-11 | E285: =IFERROR(VLOOKUP(D285,Tabla_Indices,5,FALSE),"") -> Perfil normal doble T
A286: Materiales sanitarios varios | B286: gl | D286: INDEC-PB - 36320-3 | E286: =IFERROR(VLOOKUP(D286,Tabla_Indices,5,FALSE),"") -> Caños y tubos de polietileno
A287: Membrana asfáltica con folio de aluminio | B287: m2 | D287: INDEC-PB - 37930-1 | E287: =IFERROR(VLOOKUP(D287,Tabla_Indices,5,FALSE),"") -> Membranas asfálticas
A288: Mesa | B288: ud | D288: INDEC-PB - 31420-1 | E288: =IFERROR(VLOOKUP(D288,Tabla_Indices,5,FALSE),"") -> Maderas terciadas fenólicas
A289: Mesada granito natural + zocalos + faldones | B289: m2 | D289: INDEC-CM - 37610-11 | E289: =IFERROR(VLOOKUP(D289,Tabla_Indices,5,FALSE),"") -> Mesada de granito
A290: mingitorio | B290: ud | D290: INDEC-CM - 37210-12 | E290: =IFERROR(VLOOKUP(D290,Tabla_Indices,5,FALSE),"") -> Inodoro de calidad media
A291: Mobiliario | B291: gl | D291: INDEC-PB - 31100-1 | E291: =IFERROR(VLOOKUP(D291,Tabla_Indices,5,FALSE),"") -> Maderas aserradas
...

Sheet Items - Códigos
B1: I | C1: OBRAS DE ARQUITECTURA
A3: 1 | B3: =CONCATENATE(B1,"-",TEXT(A3,"0000")) -> I-0001 | C3: TRABAJOS PRELIMINARES
A4: 1 | B4: =CONCATENATE($B$3,".",TEXT(A4,"0000")) -> I-0001.0001 | C4: Movilización de obra | D4: gl
A5: 2 | B5: =CONCATENATE($B$3,".",TEXT(A5,"0000")) -> I-0001.0002 | C5: Obrador | D5: gl
A6: 3 | B6: =CONCATENATE($B$3,".",TEXT(A6,"0000")) -> I-0001.0003 | C6: Cartel de obra | D6: gl
A7: 4 | B7: =CONCATENATE($B$3,".",TEXT(A7,"0000")) -> I-0001.0004 | C7: Limpieza de terreno | D7: m2
A8: 5 | B8: =CONCATENATE($B$3,".",TEXT(A8,"0000")) -> I-0001.0005 | C8: Erradicación de árboles | D8: gl
A9: 6 | B9: =CONCATENATE($B$3,".",TEXT(A9,"0000")) -> I-0001.0006 | C9: Demoliciones incluido retiro de material | D9: gl
A10: 7 | B10: =CONCATENATE($B$3,".",TEXT(A10,"0000")) -> I-0001.0007 | C10: Replanteo | D10: gl
A13: 0002 | B13: =CONCATENATE(B1,"-",A13) -> I-0002 | C13: MOVIMIENTOS DE SUELOS
A14: 0001 | B14: =CONCATENATE($B$13,".",A14) -> I-0002.0001 | C14: Relleno y compactación | D14: m3
A15: 0002 | B15: =CONCATENATE($B$13,".",A15) -> I-0002.0002 | C15: Excavación para subsuelo | D15: m3
A16: 0003 | B16: =CONCATENATE($B$13,".",A16) -> I-0002.0003 | C16: Excavación para fundaciones | D16: m3
A19: 0003 | B19: =CONCATENATE(B1,"-",A19) -> I-0003 | C19: HORMIGONES SIMPLES
A20: 0001 | B20: =CONCATENATE($B$19,".",A20) -> I-0003.0001 | C20: Hormigón de limpieza | D20: m2
A21: 0002 | B21: =CONCATENATE($B$19,".",A21) -> I-0003.0002 | C21: Hormigón para cimientos | D21: m3
A22: 0003 | B22: =CONCATENATE($B$19,".",A22) -> I-0003.0003 | C22: Contrapiso | D22: m2
A23: 0004 | B23: =CONCATENATE($B$19,".",A23) -> I-0003.0004 | C23: Contrapiso armado | D23: m2
A26: 0004 | B26: =CONCATENATE(B1,"-",A26) -> I-0004 | C26: HORMIGON ARMADO
A27: 0001 | B27: =CONCATENATE($B$26,".",A27) -> I-0004.0001 | C27: Bases | D27: m3
A28: 0002 | B28: =CONCATENATE($B$26,".",A28) -> I-0004.0002 | C28: Vigas de arriostramiento | D28: m3
A29: 0003 | B29: =CONCATENATE($B$26,".",A29) -> I-0004.0003 | C29: Vigas de fundación | D29: m3
A30: 0004 | B30: =CONCATENATE($B$26,".",A30) -> I-0004.0004 | C30: Vigas de encadenado | D30: m3
A31: 0005 | B31: =CONCATENATE($B$26,".",A31) -> I-0004.0005 | C31: Zapatas corridas
A32: 0006 | B32: =CONCATENATE($B$26,".",A32) -> I-0004.0006 | C32: Columnas de encadenado | D32: m3
A33: 0007 | B33: =CONCATENATE($B$26,".",A33) -> I-0004.0007 | C33: Vigas de carga | D33: m3
A34: 0008 | B34: =CONCATENATE($B$26,".",A34) -> I-0004.0008 | C34: Columnas de carga | D34: m3
A35: 0009 | B35: =CONCATENATE($B$26,".",A35) -> I-0004.0009 | C35: Tabiques de hormigón armado | D35: m3
A36: 0010 | B36: =CONCATENATE($B$26,".",A36) -> I-0004.0010 | C36: Losas de hormigón armado | D36: m3
A37: 0011 | B37: =CONCATENATE($B$26,".",A37) -> I-0004.0011 | C37: Losas cerámicas | D37: m2
A38: 0012 | B38: =CONCATENATE($B$26,".",A38) -> I-0004.0012 | C38: Escaleras | D38: m3
A41: 0005 | B41: =CONCATENATE(B1,"-",A41) -> I-0005 | C41: CONTRAPISOS Y CARPETAS
A42: 0001 | B42: =CONCATENATE($B$41,".",A42) -> I-0005.0001 | C42: Contrapiso e = 10 cm | D42: m2
A43: 0002 | B43: =CONCATENATE($B$41,".",A43) -> I-0005.0002 | C43: Contrapiso e = 12 cm | D43: m2
A44: 0003 | B44: =CONCATENATE($B$41,".",A44) -> I-0005.0003 | C44: Contrapiso e = 15 cm | D44: m2
A46: 0010 | B46: =CONCATENATE($B$41,".",A46) -> I-0005.0010 | C46: Contrapiso armado e = 10 cm | D46: m2
A47: 0011 | B47: =CONCATENATE($B$41,".",A47) -> I-0005.0011 | C47: Contrapiso armado e = 12 cm | D47: m2
A48: 0012 | B48: =CONCATENATE($B$41,".",A48) -> I-0005.0012 | C48: Contrapiso armado e = 15 cm | D48: m2
A50: 0021 | B50: =CONCATENATE($B$41,".",A50) -> I-0005.0021 | C50: Carpeta sobre contrapiso | D50: m2
A51: 0022 | B51: =CONCATENATE($B$41,".",A51) -> I-0005.0022 | C51: Carpeta sobre losa | D51: m2
A54: 0006 | B54: =CONCATENATE(B1,"-",A54) -> I-0006 | C54: MAMPOSTERIA
A55: 0001 | B55: =CONCATENATE($B$54,".",A55) -> I-0006.0001 | C55: Ladrillo cerámico macizo e = 0,10 m | D55: m2
A56: 0002 | B56: =CONCATENATE($B$54,".",A56) -> I-0006.0002 | C56: Ladrillo cerámico macizo e = 0,20 m | D56: m2
A57: 0003 | B57: =CONCATENATE($B$54,".",A57) -> I-0006.0003 | C57: Ladrillo cerámico macizo e = 0,30 m | D57: m2
A58: 0004 | B58: =CONCATENATE($B$54,".",A58) -> I-0006.0004 | C58: Ladrillón cerámico macizo e = 0,20 m | D58: m2
A59: 0005 | B59: =CONCATENATE($B$54,".",A59) -> I-0006.0005 | C59: Ladrillo cerámico macizo armada e = 0,10 m | D59: m2
A60: 0006 | B60: =CONCATENATE($B$54,".",A60) -> I-0006.0006 | C60: Ladrillo cerámico macizo armada e = 0,20 m | D60: m2
A61: 0007 | B61: =CONCATENATE($B$54,".",A61) -> I-0006.0007 | C61: Ladrillo cerámico macizo armada e = 0,30 m | D61: m2
A62: 0008 | B62: =CONCATENATE($B$54,".",A62) -> I-0006.0008 | C62: Ladrillón cerámico macizo armada e = 0,20 m | D62: m2
A65: 0010 | B65: =CONCATENATE($B$54,".",A65) -> I-0006.0010 | C65: Ladrillo cerámico hueco e = 0,10 m | D65: m2
A66: 0011 | B66: =CONCATENATE($B$54,".",A66) -> I-0006.0011 | C66: Ladrillo cerámico hueco e = 0,20 m | D66: m2
A68: 0020 | B68: =CONCATENATE($B$54,".",A68) -> I-0006.0020 | C68: Bloque de hormigón e = 0,10 m | D68: m2
A69: 0021 | B69: =CONCATENATE($B$54,".",A69) -> I-0006.0021 | C69: Bloque de hormigón e = 0,20 m | D69: m2
A72: 0007 | B72: =CONCATENATE("I-",A72) -> I-0007 | C72: AISLACIONES
A73: 0001 | B73: =CONCATENATE($B$72,".",A73) -> I-0007.0001 | C73: Capa aisladora Vertical | D73: m2
A74: 0002 | B74: =CONCATENATE($B$72,".",A74) -> I-0007.0002 | C74: Capa aisladora horizontal | D74: m2
A75: 0003 | B75: =CONCATENATE($B$72,".",A75) -> I-0007.0003 | C75: Blindaje de plomo para rayos | D75: m2
A76: 0004 | B76: =CONCATENATE($B$72,".",A76) -> I-0007.0004 | C76: Aislación contra el salitre | D76: m2
A79: 0008 | B79: =CONCATENATE("I-",A79) -> I-0008 | C79: REVOQUES Y ENLUCIDOS
A80: 0001 | B80: =CONCATENATE($B$79,".",A80) -> I-0008.0001 | C80: Revoque grueso interior | D80: m2
A81: 0002 | B81: =CONCATENATE($B$79,".",A81) -> I-0008.0002 | C81: Revoque grueso impermeable b/ revestimiento | D81: m2
A82: 0003 | B82: =CONCATENATE($B$79,".",A82) -> I-0008.0003 | C82: Enlucido interior | D82: m2
A83: 0004 | B83: =CONCATENATE($B$79,".",A83) -> I-0008.0004 | C83: Enlucido exterior | D83: m2
A86: 0009 | B86: =CONCATENATE("I-",A86) -> I-0009 | C86: CUBIERTA DE TECHO
A87: 0001 | B87: =CONCATENATE($B$86,".",A87) -> I-0009.0001 | C87: Cubierta de techo inaccesible | D87: m2
A88: 0002 | B88: =CONCATENATE($B$86,".",A88) -> I-0009.0002 | C88: Cubierta de techo accesible | D88: m2
A91: 0010 | B91: =CONCATENATE("I-",A91) -> I-0010 | C91: CIELORRASOS
A92: 0001 | B92: =CONCATENATE($B$91,".",A92) -> I-0010.0001 | C92: Cielorraso aplicado de yeso | D92: m2
A93: 0002 | B93: =CONCATENATE($B$91,".",A93) -> I-0010.0002 | C93: Cielorraso aplicado a la cal | D93: m2
A94: 0003 | B94: =CONCATENATE($B$91,".",A94) -> I-0010.0003 | C94: Cielorraso suspendido placa roca de yeso junta tomada | D94: m2
A95: 0004 | B95: =CONCATENATE($B$91,".",A95) -> I-0010.0004 | C95: Cielorraso suspendido placa roca de yeso desmontable | D95: m2
A96: 0005 | B96: =CONCATENATE($B$91,".",A96) -> I-0010.0005 | C96: Cielorraso suspendido placa roca de yeso locales húmedos | D96: m2
A97: 0006 | B97: =CONCATENATE($B$91,".",A97) -> I-0010.0006 | C97: Cielorraso suspendido placa cementicia | D97: m2
A98: 0007 | B98: =CONCATENATE($B$91,".",A98) -> I-0010.0007 | C98: Cielorraso modular metálico ( c/ aislación acústica ) | D98: m2
A101: 0011 | B101: =CONCATENATE("I-",A101) -> I-0011 | C101: REVESTIMIENTOS
A102: 0001 | B102: =CONCATENATE($B$101,".",A102) -> I-0011.0001 | C102: Revestimiento cerámico | D102: m2
A103: 0002 | B103: =CONCATENATE($B$101,".",A103) -> I-0011.0002 | C103: Revestimiento porcelanato | D103: m2
A104: 0003 | B104: =CONCATENATE($B$101,".",A104) -> I-0011.0003 | C104: Revestimiento de piedra | D104: m2
A105: 0004 | B105: =CONCATENATE($B$101,".",A105) -> I-0011.0004 | C105: Revestimiento plástico | D105: m2
A106: 0005 | B106: =CONCATENATE($B$101,".",A106) -> I-0011.0005 | C106: Revestimiento vinílico | D106: m2
A109: 0012 | B109: =CONCATENATE("I-",A109) -> I-0012 | C109: TABIQUE CONSTRUCCIÓN EN SECO
A110: 0001 | B110: =CONCATENATE($B$109,".",A110) -> I-0012.0001 | C110: Tabique placa roca de yeso | D110: m2
A111: 0002 | B111: =CONCATENATE($B$109,".",A111) -> I-0012.0002 | C111: Tabique placa roca de yeso para sanitario | D111: m2
A112: 0003 | B112: =CONCATENATE($B$109,".",A112) -> I-0012.0003 | C112: Tabique medio forro de placa de yeso | D112: m2
A113: 0004 | B113: =CONCATENATE($B$109,".",A113) -> I-0012.0004 | C113: Tabique medio forro de placa de yeso para sanitario | D113: m2
A114: 0005 | B114: =CONCATENATE($B$109,".",A114) -> I-0012.0005 | C114: Tabique placa cementicia | D114: m2
A115: 0006 | B115: =CONCATENATE($B$109,".",A115) -> I-0012.0006 | C115: Tabique estructura aluminio y placas madera | D115: m2
A118: 0013 | B118: =CONCATENATE("I-",A118) -> I-0013 | C118: PISOS Y ZOCALOS
A119: 0001 | B119: =CONCATENATE($B$118,".",A119) -> I-0013.0001 | C119: Piso granítico | D119: m2
A120: 0002 | B120: =CONCATENATE($B$118,".",A120) -> I-0013.0002 | C120: Piso técnico | D120: m2
A121: 0003 | B121: =CONCATENATE($B$118,".",A121) -> I-0013.0003 | C121: Piso granito natural | D121: m2
A122: 0004 | B122: =CONCATENATE($B$118,".",A122) -> I-0013.0004 | C122: Piso cemento rodillado | D122: m2
A123: 0005 | B123: =CONCATENATE($B$118,".",A123) -> I-0013.0005 | C123: Piso cemento alisado | D123: m2
A124: 0006 | B124: =CONCATENATE($B$118,".",A124) -> I-0013.0006 | C124: Piso baldosas piedra lavada | D124: m2
A125: 0007 | B125: =CONCATENATE($B$118,".",A125) -> I-0013.0007 | C125: Piso baldosa cerámica | D125: m2
A126: 0008 | B126: =CONCATENATE($B$118,".",A126) -> I-0013.0008 | C126: Pavimentos de HºAº | D126: m2
A128: 0010 | B128: =CONCATENATE($B$118,".",A128) -> I-0013.0010 | C128: Zócalo granítico | D128: m2
A129: 0011 | B129: =CONCATENATE($B$118,".",A129) -> I-0013.0011 | C129: Zócalo calcáreo | D129: m2
A130: 0012 | B130: =CONCATENATE($B$118,".",A130) -> I-0013.0012 | C130: Zócalo granito natural | D130: m2
A131: 0013 | B131: =CONCATENATE($B$118,".",A131) -> I-0013.0013 | C131: Zócalo hormigón | D131: m2
...

Sheet Números a Letras
A1: =Monto_Oferta -> 0
A2: Inserte abajo (A3) el valor requerido
A3: =ROUND(Monto_Oferta,0) -> 0 | N3: =ROUND(ABS(A1-TRUNC(A1)),2)*100 -> 0
C4: =RIGHT($A$3,(10)) -> 0 | D4: =RIGHT($A$3,(9)) -> 0 | E4: =RIGHT($A$3,(8)) -> 0 | F4: =RIGHT($A$3,(7)) -> 0 | G4: =RIGHT($A$3,(6)) -> 0 | H4: =RIGHT($A$3,(5)) -> 0 | I4: =RIGHT($A$3,(4)) -> 0 | J4: =RIGHT($A$3,(3)) -> 0 | K4: =RIGHT($A$3,(2)) -> 0 | L4: =RIGHT($A$3) -> 0 | R4: Muchas veces necesitamos convertir un número a letras en Excel y más aún para nosotros los contadores, este es un trabajo arduo para aquellas personas que no saben de programación, y si encontramos un ejemplo de estos es generalmente bajo plataforma Excel VBA. Aquí les dejo el código fuente en plataforma Excel para quien quiera lo aplique o analice para entender como ha sido elaborado. Esta es una herramienta de gran utilidad, espero sepan aprovecharla.
C5: =LEN(C4) -> 1 | D5: =LEN(D4) -> 1 | E5: =LEN(E4) -> 1 | F5: =LEN(F4) -> 1 | G5: =LEN(G4) -> 1 | H5: =LEN(H4) -> 1 | I5: =LEN(I4) -> 1 | J5: =LEN(J4) -> 1 | ... L5: =LEN(L4) -> 1
C6: =IF(C5=10,TRUE,FALSE) -> FALSE | D6: =IF(D5=9,TRUE,FALSE) -> FALSE | E6: =IF(E5=8,TRUE,FALSE) -> FALSE | F6: =IF(F5=7,TRUE,FALSE) -> FALSE | G6: =IF(G5=6,TRUE,FALSE) -> FALSE | H6: =IF(H5=5,TRUE,FALSE) -> FALSE | I6: =IF(I5=4,TRUE,FALSE) -> FALSE | J6: =IF(J5=3,TRUE,FALSE) -> FALSE | K6: =IF(K5=2,TRUE,FALSE) -> FALSE | L6: =IF(L5=1,TRUE,FALSE) -> TRUE
C7: =MID(C4,1,1) -> 0 | D7: =MID(D4,1,1) -> 0 | E7: =MID(E4,1,1) -> 0 | F7: =MID(F4,1,1) -> 0 | G7: =MID(G4,1,1) -> 0 | H7: =MID(H4,1,1) -> 0 | I7: =MID(I4,1,1) -> 0 | J7: =MID(J4,1,1) -> 0 | ... L7: =MID(L4,1,1) -> 0
C8: =IF(C6=TRUE,(VALUE(C7)),0) -> 0 | D8: =IF(D6=TRUE,(VALUE(D7)),0) -> 0 | E8: =IF(E6=TRUE,(VALUE(E7)),0) -> 0 | F8: =IF(F6=TRUE,(VALUE(F7)),0) -> 0 | G8: =IF(G6=TRUE,(VALUE(G7)),0) -> 0 | H8: =IF(H6=TRUE,(VALUE(H7)),0) -> 0 | I8: =IF(I6=TRUE,(VALUE(I7)),0) -> 0 | J8: =IF(J6=TRUE,(VALUE(J7)),0) -> 0 | ... L8: =IF(L6=TRUE,(VALUE(L7)),0) -> 0
C10: =C8 -> 0 | D10: =D8 -> 0 | E10: =E8 -> 0 | F10: =F8 -> 0 | G10: =G8 -> 0 | H10: =H8 -> 0 | I10: =I8 -> 0 | J10: =J8 -> 0 | ... L10: =L8 -> 0
C14: =IF(C10=1," MIL",IF(C10=2," DOSMIL",IF(C10=3," TRESMIL",IF(C10=4," CUATROMIL",IF(C10=5," CINCOMIL"))))) -> FALSE | D14: =IF(D10=1," CIENTO",IF(D10=2," DOSCIENTOS ",IF(D10=3," TRESCIENTOS",IF(D10=4," CUATROCIENTOS",IF(D10=5," QUINIENTOS"))))) -> FALSE | E14: =IF(E10=1," DIEZ Y",IF(E10=2,"VENTI ",IF(E10=3," TREINTA Y",IF(E10=4," CUARENTA Y",IF(E10=5," CINCUENTA Y"))))) -> FALSE | F14: =IF(F10=1," MILLONES",IF(F10=2," DOSMILLONES",IF(F10=3," TRESMILLONES",IF(F10=4," CUATROMILLONES",IF(F10=5," CINCOMILLONES"))))) -> FALSE | G14: =IF(G10=1," CIENTO",IF(G10=2," DOSCIENTOS ",IF(G10=3," TRESCIENTOS",IF(G10=4," CUATROCIENTOS",IF(G10=5," QUINIENTOS"))))) -> FALSE | H14: =IF(H10=1," DIEZ Y",IF(H10=2,"VENTI ",IF(H10=3," TREINTA Y",IF(H10=4," CUARENTA Y",IF(H10=5," CINCUENTA Y"))))) -> FALSE | I14: =IF(I10=1," MIL",IF(I10=2," DOSMIL",IF(I10=3," TRESMIL",IF(I10=4," CUATROMIL",IF(I10=5," CINCOMIL"))))) -> FALSE | J14: =IF(J10=1," CIENTO",IF(J10=2," DOSCIENTOS ",IF(J10=3," TRESCIENTOS",IF(J10=4," CUATROCIENTOS",IF(J10=5," QUINIENTOS"))))) -> FALSE | K14: =IF(K10=1," DIEZ Y",IF(K10=2,"VENTI ",IF(K10=3," TREINTA Y",IF(K10=4," CUARENTA Y",IF(K10=5," CINCUENTA Y"))))) -> FALSE | L14: =IF(L10=1," UN",IF(L10=2," DOS",IF(L10=3," TRES",IF(L10=4," CUATRO",IF(L10=5," CINCO"))))) -> FALSE
C15: =IF(C10=6," SEISMIL",IF(C10=7," SIETEMIL",IF(C10=8," OCHOMIL",IF(C10=9," NUEVEMIL")))) -> FALSE | D15: =IF(D10=6," SEISCIENTOS",IF(D10=7," SETECIENTOS",IF(D10=8," OCHOCIENTOS",IF(D10=9," NOVECIENTOS")))) -> FALSE | E15: =IF(E10=6," SESENTA Y",IF(E10=7," SETENTA Y",IF(E10=8," OCHENTA Y",IF(E10=9," NOVENTA Y")))) -> FALSE | F15: =IF(F10=6," SEIS MILLONES",IF(F10=7," SIETE MILLONES",IF(F10=8," OCHO MILLONES",IF(F10=9," NUEVE MILLONES")))) -> FALSE | G15: =IF(G10=6," SEISCIENTOS",IF(G10=7," SETECIENTOS",IF(G10=8," OCHOCIENTOS",IF(G10=9," NOVECIENTOS")))) -> FALSE | H15: =IF(H10=6," SESENTA Y",IF(H10=7," SETENTA Y",IF(H10=8," OCHENTA Y",IF(H10=9," NOVENTA Y")))) -> FALSE | I15: =IF(I10=6," SEISMIL",IF(I10=7," SIETEMIL",IF(I10=8," OCHOMIL",IF(I10=9," NUEVEMIL")))) -> FALSE | J15: =IF(J10=6," SEISCIENTOS",IF(J10=7," SETECIENTOS",IF(J10=8," OCHOCIENTOS",IF(J10=9," NOVECIENTOS")))) -> FALSE | K15: =IF(K10=6," SESENTA Y",IF(K10=7," SETENTA Y",IF(K10=8," OCHENTA Y",IF(K10=9," NOVENTA Y")))) -> FALSE | L15: =IF(L10=6," SEIS",IF(L10=7," SIETE",IF(L10=8," OCHO",IF(L10=9," NUEVE")))) -> FALSE
C16: =IF(C14=FALSE,C15,C14) -> FALSE | D16: =IF(D14=FALSE,D15,D14) -> FALSE | E16: =IF(E14=FALSE,E15,E14) -> FALSE | F16: =IF(F14=FALSE,F15,F14) -> FALSE | G16: =IF(G14=FALSE,G15,G14) -> FALSE | H16: =IF(H14=FALSE,H15,H14) -> FALSE | I16: =IF(I14=FALSE,I15,I14) -> FALSE | J16: =IF(J14=FALSE,J15,J14) -> FALSE | ... L16: =IF(L14=FALSE,L15,L14) -> FALSE
C17: =CONCATENATE(S9,C10,D10,E10,F10,) -> 0000 | D17: =CONCATENATE(D10,E10,F10) -> 000 | E17: =CONCATENATE(E10,F10) -> 00 | F17: =CONCATENATE(E10,F10) -> 00 | G17: =CONCATENATE(G10,H10,I10) -> 000 | H17: =CONCATENATE(H10,I10) -> 00 | I17: =CONCATENATE(H10,I10) -> 00 | J17: =CONCATENATE(J10,K10,L10) -> 000 | K17: =CONCATENATE(K10,L10) -> 00 | L17: =CONCATENATE(K10,L10) -> 00
C18: =IF(C10=0,"",IF(C17="00000","",IF(C17="10000","",IF(C17="11000","",IF(C17="12000","",IF(C17="13000","",IF(C17="14000","",IF(C17="15000","")))))))) | D18: =IF(D10=0,"",IF(D17="000","",IF(D17="100"," CIEN MILLONES" ))) | E18: =IF(E10=0,"",IF(E17="00","",IF(E17="10"," DIEZ MILLONES",IF(E17="11"," ONCE MILLONES",IF(E17="12"," DOCE MILLONES",IF(E17="13"," TRECE MILLONES",IF(E17="14"," CATORCE MILLONES",IF(E17="15"," QUINCE MILLONES")))))))) | F18: =IF(F10=0,"",IF(F17="00","",IF(F17="10","",IF(F17="11","",IF(F17="12","",IF(F17="13","",IF(F17="14","",IF(F17="15","")))))))) | G18: =IF(G10=0,"",IF(G17="000","",IF(G17="100"," CIEN MIL" ))) | H18: =IF(H10=0,"",IF(H17="00","",IF(H17="10"," DIEZ MIL",IF(H17="11"," ONCE MIL",IF(H17="12"," DOCE MIL",IF(H17="13"," TRECE MIL",IF(H17="14"," CATORCE MIL",IF(H17="15"," QUINCE MIL")))))))) | I18: =IF(I10=0,"",IF(I17="00","",IF(I17="10","",IF(I17="11","",IF(I17="12","",IF(I17="13","",IF(I17="14","",IF(I17="15","")))))))) | J18: =IF(J10=0,"",IF(J17="000","",IF(J17="100"," CIEN" ))) | K18: =IF(K10=0,"",IF(K17="00","",IF(K17="10"," DIEZ",IF(K17="11"," ONCE",IF(K17="12"," DOCE",IF(K17="13"," TRECE",IF(K17="14"," CATORCE",IF(K17="15"," QUINCE")))))))) | L18: =IF(L10=0,"",IF(L17="00","",IF(L17="10","",IF(L17="11","",IF(L17="12","",IF(L17="13","",IF(L17="14","",IF(L17="15",""))))))))
C19: =IF(C18=FALSE,C16,C18) | D19: =IF(D17="200"," DOSCIENTOS MILLONES",IF(D17="300"," TRESCIENTOS MILLONES",IF(D17="400"," CUATROCIENTOS MILLONES",IF(D17="500"," QUINIENTOS MILLONES",IF(D17="600"," SEISCIENTOS MILLONES",IF(D17="700"," SETECIENTOS MILLONES",IF(D17="800"," OCHOCIENTOS MILLONES",IF(D17="900"," NOVECIENTOS MILLONES")))))))) -> FALSE | E19: =IF(E17="20"," VEINTE",IF(E17="30"," TREINTA",IF(E17="40"," CUARENTA",IF(E17="50"," CINCUENTA",IF(E17="60"," SESENTA",IF(E17="80"," OCHENTA",IF(E17="90"," NOVENTA"))))))) -> FALSE | F19: =IF(F18=FALSE,F16,F18) | G19: =IF(G17="200"," DOSCIENTOS MIL",IF(G17="300"," TRESCIENTOS MIL",IF(G17="400"," CUATROCIENTOS MIL",IF(G17="500"," QUINIENTOS MIL",IF(G17="600"," SEISCIENTOS MIL",IF(G17="700"," SETECIENTOS MIL",IF(G17="800"," OCHOCIENTOS MIL",IF(G17="900"," NOVECIENTOS MIL")))))))) -> FALSE | H19: =IF(H17="20"," VEINTE MIL",IF(H17="30"," TREINTA MIL",IF(H17="40"," CUARENTA MIL",IF(H17="50"," CINCUENTA MIL",IF(H17="60"," SESENTA MIL",IF(H17="80"," OCHENTA MIL",IF(H17="90"," NOVENTA MIL"))))))) -> FALSE | I19: =IF(I18=FALSE,I16,I18) | J19: =IF(J18=FALSE,J16,J18) | K19: =IF(K18=FALSE,K16,K18) | L19: =IF(L18=FALSE,L16,L18)
D20: =IF(D18=FALSE,D16,D18) | E20: =IF(E18=FALSE,E16,E18) | F20: =IF(F18=FALSE,F16,F18) | G20: =IF(G18=FALSE,G16,G18) | H20: =IF(H18=FALSE,H16,H18) | I20: =IF(I18=FALSE,I16,I18) | J20: =IF(J18=FALSE,J16,J18) | K20: =IF(K18=FALSE,K16,K18) | L20: =IF(L18=FALSE,L16,L18)
D21: =IF(D19=FALSE,D20,D19) | E21: =IF(E19=FALSE,E20,E19) | F21: =IF(F19=FALSE,F20,F19) | G21: =IF(G19=FALSE,G20,G19) | H21: =IF(H19=FALSE,H20,H19) | I21: =IF(I19=FALSE,I20,I19) | J21: =IF(J19=FALSE,J20,J19) | K21: =IF(K19=FALSE,K20,K19) | L21: =IF(L19=FALSE,L20,L19)
C23: =C19 | D23: =D21 | E23: =E21 | F23: =F21 | G23: =G21 | H23: =H21 | I23: =I19 | J23: =J19 | K23: =K19 | L23: =L19
A25: Visite a: | B25: http://sites.google.com/site/brehiner25/
A27: RESULTADO | C27: =CONCATENATE(C23,D23,E23,F23,G23,H23,I23,J23,K23,L23," CON ",N3,"/100") -> CON 0/100
C35: =RIGHT($J$30,(10)) | D35: =RIGHT($J$30,(9)) | E35: =RIGHT($J$30,(8)) | F35: =RIGHT($J$30,(7)) | G35: =RIGHT($J$30,(6)) | H35: =RIGHT($J$30,(5)) | I35: =RIGHT($J$30,(4)) | J35: =RIGHT($J$30,(3)) | K35: =RIGHT($J$30,(2)) | L35: =RIGHT($J$30)
C36: =LEN(C35) -> 0 | D36: =LEN(D35) -> 0 | E36: =LEN(E35) -> 0 | F36: =LEN(F35) -> 0 | G36: =LEN(G35) -> 0 | H36: =LEN(H35) -> 0 | I36: =LEN(I35) -> 0 | J36: =LEN(J35) -> 0 | ... L36: =LEN(L35) -> 0
C37: =IF(C36=10,TRUE,FALSE) -> FALSE | D37: =IF(D36=9,TRUE,FALSE) -> FALSE | E37: =IF(E36=8,TRUE,FALSE) -> FALSE | F37: =IF(F36=7,TRUE,FALSE) -> FALSE | G37: =IF(G36=6,TRUE,FALSE) -> FALSE | H37: =IF(H36=5,TRUE,FALSE) -> FALSE | I37: =IF(I36=4,TRUE,FALSE) -> FALSE | J37: =IF(J36=3,TRUE,FALSE) -> FALSE | K37: =IF(K36=2,TRUE,FALSE) -> FALSE | L37: =IF(L36=1,TRUE,FALSE) -> FALSE
C38: =MID(C35,1,1) | D38: =MID(D35,1,1) | E38: =MID(E35,1,1) | F38: =MID(F35,1,1) | G38: =MID(G35,1,1) | H38: =MID(H35,1,1) | I38: =MID(I35,1,1) | J38: =MID(J35,1,1) | ... L38: =MID(L35,1,1)
C39: =IF(C37=TRUE,(VALUE(C38)),0) -> 0 | D39: =IF(D37=TRUE,(VALUE(D38)),0) -> 0 | E39: =IF(E37=TRUE,(VALUE(E38)),0) -> 0 | F39: =IF(F37=TRUE,(VALUE(F38)),0) -> 0 | G39: =IF(G37=TRUE,(VALUE(G38)),0) -> 0 | H39: =IF(H37=TRUE,(VALUE(H38)),0) -> 0 | I39: =IF(I37=TRUE,(VALUE(I38)),) -> 0 | J39: =IF(J37=TRUE,(VALUE(J38)),0) -> 0 | K39: =IF(K37=TRUE,(VALUE(K38)),0) -> 0 | L39: =IF(L37=TRUE,(VALUE(L38)),0) -> 0
C41: =C39 -> 0 | D41: =D39 -> 0 | E41: =E39 -> 0 | F41: =F39 -> 0 | G41: =G39 -> 0 | H41: =H39 -> 0 | I41: =I39 -> 0 | J41: =J39 -> 0 | ... L41: =L39 -> 0
C45: =IF(C41=1," MIL",IF(C41=2," DOSMIL",IF(C41=3," TRESMIL",IF(C41=4," CUATROMIL",IF(C41=5," CINCOMIL"))))) -> FALSE | D45: =IF(D41=1," CIENTO",IF(D41=2," DOSCIENTOS ",IF(D41=3," TRESCIENTOS",IF(D41=4," CUATROCIENTOS",IF(D41=5," QUINIENTOS"))))) -> FALSE | E45: =IF(E41=1," DIEZ Y",IF(E41=2,"VENTI ",IF(E41=3," TREINTA Y",IF(E41=4," CUARENTA Y",IF(E41=5," CINCUENTA Y"))))) -> FALSE | F45: =IF(F41=1," MILLONES",IF(F41=2," DOSMILLONES",IF(F41=3," TRESMILLONES",IF(F41=4," CUATROMILLONES",IF(F41=5," CINCOMILLONES"))))) -> FALSE | G45: =IF(G41=1," CIENTO",IF(G41=2," DOSCIENTOS ",IF(G41=3," TRESCIENTOS",IF(G41=4," CUATROCIENTOS",IF(G41=5," QUINIENTOS"))))) -> FALSE | H45: =IF(H41=1," DIEZ Y",IF(H41=2,"VENTI ",IF(H41=3," TREINTA Y",IF(H41=4," CUARENTA Y",IF(H41=5," CINCUENTA Y"))))) -> FALSE | I45: =IF(I41=1," MIL",IF(I41=2," DOSMIL",IF(I41=3," TRESMIL",IF(I41=4," CUATROMIL",IF(I41=5," CINCOMIL"))))) -> FALSE | J45: =IF(J41=1," CIENTO",IF(J41=2," DOSCIENTOS ",IF(J41=3," TRESCIENTOS",IF(J41=4," CUATROCIENTOS",IF(J41=5," QUINIENTOS"))))) -> FALSE | K45: =IF(K41=1," DIEZ Y",IF(K41=2,"VENTI ",IF(K41=3," TREINTA Y",IF(K41=4," CUARENTA Y",IF(K41=5," CINCUENTA Y"))))) -> FALSE | L45: =IF(L41=1," UN",IF(L41=2," DOS",IF(L41=3," TRES",IF(L41=4," CUATRO",IF(L41=5," CINCO"))))) -> FALSE
C46: =IF(C41=6," SEISMIL",IF(C41=7," SIETEMIL",IF(C41=8," OCHOMIL",IF(C41=9," NUEVEMIL")))) -> FALSE | D46: =IF(D41=6," SEISCIENTOS",IF(D41=7," SETECIENTOS",IF(D41=8," OCHOCIENTOS",IF(D41=9," NOVECIENTOS")))) -> FALSE | E46: =IF(E41=6," SESENTA Y",IF(E41=7," SETENTA Y",IF(E41=8," OCHENTA Y",IF(E41=9," NOVENTA Y")))) -> FALSE | F46: =IF(F41=6," SEISMILLONES",IF(F41=7," SIETEMILLONES",IF(F41=8," OCHOMILLONES",IF(F41=9," NUEVEMILLONES")))) -> FALSE | G46: =IF(G41=6," SEISCIENTOS",IF(G41=7," SETECIENTOS",IF(G41=8," OCHOCIENTOS",IF(G41=9," NOVECIENTOS")))) -> FALSE | H46: =IF(H41=6," SESENTA Y",IF(H41=7," SETENTA Y",IF(H41=8," OCHENTA Y",IF(H41=9," NOVENTA Y")))) -> FALSE | I46: =IF(I41=6," SEISMIL",IF(I41=7," SIETEMIL",IF(I41=8," OCHOMIL",IF(I41=9," NUEVEMIL")))) -> FALSE | J46: =IF(J41=6," SEISCIENTOS",IF(J41=7," SETECIENTOS",IF(J41=8," OCHOCIENTOS",IF(J41=9," NOVECIENTOS")))) -> FALSE | K46: =IF(K41=6," SESENTA Y",IF(K41=7," SETENTA Y",IF(K41=8," OCHENTA Y",IF(K41=9," NOVENTA Y")))) -> FALSE | L46: =IF(L41=6," SEIS",IF(L41=7," SIETE",IF(L41=8," OCHO",IF(L41=9," NUEVE")))) -> FALSE
C47: =IF(C45=FALSE,C46,C45) -> FALSE | D47: =IF(D45=FALSE,D46,D45) -> FALSE | E47: =IF(E45=FALSE,E46,E45) -> FALSE | F47: =IF(F45=FALSE,F46,F45) -> FALSE | G47: =IF(G45=FALSE,G46,G45) -> FALSE | H47: =IF(H45=FALSE,H46,H45) -> FALSE | I47: =IF(I45=FALSE,I46,I45) -> FALSE | J47: =IF(J45=FALSE,J46,J45) -> FALSE | ... L47: =IF(L45=FALSE,L46,L45) -> FALSE
C48: =CONCATENATE(B41,C41,D41,E41,F41,) -> 0000 | D48: =CONCATENATE(D41,E41,F41) -> 000 | E48: =CONCATENATE(E41,F41) -> 00 | F48: =CONCATENATE(E41,F41) -> 00 | G48: =CONCATENATE(G41,H41,I41) -> 000 | H48: =CONCATENATE(H41,I41) -> 00 | I48: =CONCATENATE(H41,I41) -> 00 | J48: =CONCATENATE(J41,K41,L41) -> 000 | K48: =CONCATENATE(K41,L41) -> 00 | L48: =CONCATENATE(K41,L41) -> 00
C49: =IF(C41=0,"",IF(C48="00000","",IF(C48="10000","",IF(C48="11000","",IF(C48="12000","",IF(C48="13000","",IF(C48="14000","",IF(C48="15000","")))))))) | D49: =IF(D41=0,"",IF(D48="000","",IF(D48="100"," CIEN MILLONES" ))) | E49: =IF(E41=0,"",IF(E48="00","",IF(E48="10"," DIEZ MILLONES",IF(E48="11"," ONCE MILLONES",IF(E48="12"," DOCE MILLONES",IF(E48="13"," TRECE MILLONES",IF(E48="14"," CATORCE MILLONES",IF(E48="15"," QUINCE MILLONES")))))))) | F49: =IF(F41=0,"",IF(F48="00","",IF(F48="10","",IF(F48="11","",IF(F48="12","",IF(F48="13","",IF(F48="14","",IF(F48="15","")))))))) | G49: =IF(G41=0,"",IF(G48="000","",IF(G48="100"," CIEN MIL" ))) | H49: =IF(H41=0,"",IF(H48="00","",IF(H48="10"," DIEZ MIL",IF(H48="11"," ONCE MIL",IF(H48="12"," DOCE MIL",IF(H48="13"," TRECE MIL",IF(H48="14"," CATORCE MIL",IF(H48="15"," QUINCE MIL")))))))) | I49: =IF(I41=0,"",IF(I48="00","",IF(I48="10","",IF(I48="11","",IF(I48="12","",IF(I48="13","",IF(I48="14","",IF(I48="15","")))))))) | J49: =IF(J41=0,"",IF(J48="000","",IF(J48="100"," CIEN" ))) | K49: =IF(K41=0,"",IF(K48="00","",IF(K48="10"," DIEZ",IF(K48="11"," ONCE",IF(K48="12"," DOCE",IF(K48="13"," TRECE",IF(K48="14"," CATORCE",IF(K48="15"," QUINCE")))))))) | L49: =IF(L41=0,"",IF(L48="00","",IF(L48="10","",IF(L48="11","",IF(L48="12","",IF(L48="13","",IF(L48="14","",IF(L48="15",""))))))))
C50: =IF(C49=FALSE,C47,C49) | D50: =IF(D48="200"," DOSCIENTOS MILLONES",IF(D48="300"," TRESCIENTOS MILLONES",IF(D48="400"," CUATROCIENTOS MILLONES",IF(D48="500"," QUINIENTOS MILLONES",IF(D48="600"," SEISCIENTOS MILLONES",IF(D48="700"," SETECIENTOS MILLONES",IF(D48="800"," OCHOCIENTOS MILLONES",IF(D48="900"," NOVECIENTOS MILLONES")))))))) -> FALSE | E50: =IF(E48="20"," VEINTE",IF(E48="30"," TREINTA",IF(E48="40"," CUARENTA",IF(E48="50"," CINCUENTA",IF(E48="60"," SESENTA",IF(E48="80"," OCHENTA",IF(E48="90"," NOVENTA"))))))) -> FALSE | F50: =IF(F49=FALSE,F47,F49) | G50: =IF(G48="200"," DOSCIENTOS MIL",IF(G48="300"," TRESCIENTOS MIL",IF(G48="400"," CUATROCIENTOS MIL",IF(G48="500"," QUINIENTOS MIL",IF(G48="600"," SEISCIENTOS MIL",IF(G48="700"," SETECIENTOS MIL",IF(G48="800"," OCHOCIENTOS MIL",IF(G48="900"," NOVECIENTOS MIL")))))))) -> FALSE | H50: =IF(H48="20"," VEINTE MIL",IF(H48="30"," TREINTA MIL",IF(H48="40"," CUARENTA MIL",IF(H48="50"," CINCUENTA MIL",IF(H48="60"," SESENTA MIL",IF(H48="80"," OCHENTA MIL",IF(H48="90"," NOVENTA MIL"))))))) -> FALSE | I50: =IF(I49=FALSE,I47,I49) | J50: =IF(J49=FALSE,J47,J49) | K50: =IF(K48="20"," VEINTE",IF(K48="30"," TREINTA",IF(K48="40"," CUARENTA",IF(K48="50"," CINCUENTA",IF(K48="60"," SESENTA",IF(K48="80"," OCHENTA",IF(K48="90"," NOVENTA"))))))) -> FALSE | L50: =IF(L49=FALSE,L47,L49)
D51: =IF(D49=FALSE,D47,D49) | E51: =IF(E49=FALSE,E47,E49) | F51: =CONCATENATE(C41,D41,E41,F41) -> 0000 | G51: =IF(G49=FALSE,G47,G49) | H51: =IF(H49=FALSE,H47,H49) | K51: =IF(K49=FALSE,K47,K49)
D52: =IF(D50=FALSE,D51,D50) | E52: =IF(E50=FALSE,E51,E50) | F52: =IF(F51="0001","UN MILLÓN",F50) | G52: =IF(G50=FALSE,G51,G50) | H52: =IF(H50=FALSE,H51,H50) | K52: =IF(K50=FALSE,K51,K50)
C54: =C50 | D54: =D52 | E54: =E52 | F54: =F52 | G54: =G52 | H54: =H52 | I54: =I50 | J54: =J50 | K54: =K52 | L54: =L50
C61: =CONCATENATE(C54,D54,E54,F54,G54,H54,I54,J54,K54,L54)
